Workbook
Name b1t: '4.1 - Applicant details'!$A$1
Name b3t: '4.2 - JV Application'!$A$1
Name b4t: '4.3 - Resources of other entity'!$A$1
Name bcp5p: '5.5.6 - BC & DR'!$E$2
Name bcp5t: '5.5.6 - BC & DR'!$A$1
Name COI: '7 - Conflict of Interest'!$D$2
Name coi7p: '7 - Conflict of Interest'!$E$2
Name coi7t: '7 - Conflict of Interest'!$A$1
Name d1p: ' Lot Application'!$E$2
Name d1p: 'D2 - Relevant Experience'!$E$2
Name d1p: 'D1 - Turnover'!$E$2
Name d1t: ' Lot Application'!$A$1
Name d1t: 'D2 - Relevant Experience'!$A$1
Name d1t: 'D1 - Turnover'!$A$1
Name d2pr: #REF!
Name d2t: #REF!
Name d3p: 'D3 - HSQE Min Req'!$C$2
Name d3t: 'D3 - HSQE Min Req'!$A$1
Name d4p: 'D3 - HSQE Min Req'!$C$2
Name d4p: 'D4 - Min. requirements'!$C$2
Name d4t: 'D3 - HSQE Min Req'!$A$1
Name d4t: 'D4 - Min. requirements'!$A$1
Name d5p: 'D5 - Min. requirements'!$C$2
Name d5t: 'D5 - Min. requirements'!$A$1
Name dp5p: '5.5.5 - DP'!$E$2
Name dp5p: '5.5.4 - IS'!$E$2
Name dp5t: '5.5.5 - DP'!$A$1
Name dp5t: '5.5.4 - IS'!$A$1
Name ex6p: '6 - Exclusion Criteria'!$E$2
Name ex6t: '6 - Exclusion Criteria'!$A$1
Name exp5p: '5.3 - Experience'!$E$2
Name exp5t: '5.3 - Experience'!$A$1
Name HSA: #REF!
Name HSAA: #REF!
Name is5p: #REF!
Name is5t: #REF!
Name ITTCompleteness: #REF!
Name LAApp: #REF!
Name LAs: #REF!
Name maybe: #REF!
Name qa5p: '5.2 - Resources'!$E$2
Name qa5p: '5.4.1 - H&S - Contractor'!$E$2
Name qa5p: '5.4.1.7 - H&S - Contractor'!$E$2
Name qa5p: '5.4.2 - H&S - Lot 4 only'!$E$2
Name qa5p: '5.4.3 - H&S - PSCS'!$E$2
Name qa5p: '5.4.4 - H&S - Designer'!$E$2
Name qa5p: '5.4.5 - H&S - PSDP'!$E$2
Name qa5p: '5.4.6 - H&S - Confined Space '!$E$2
Name qa5p: #REF!
Name qa5t: '5.2 - Resources'!$A$1
Name qa5t: '5.4.1 - H&S - Contractor'!$A$1
Name qa5t: '5.4.1.7 - H&S - Contractor'!$A$1
Name qa5t: '5.4.2 - H&S - Lot 4 only'!$A$1
Name qa5t: '5.4.3 - H&S - PSCS'!$A$1
Name qa5t: '5.4.4 - H&S - Designer'!$A$1
Name qa5t: '5.4.5 - H&S - PSDP'!$A$1
Name qa5t: '5.4.6 - H&S - Confined Space '!$A$1
Name qa5t: #REF!
Name res5p: #REF!
Name res5t: #REF!

Sheet Instructions
B1: Insructions for completing QSQ Excel Document
B2: General Notes 1. It is recommended that the Applicant downloads and saves a copy of this document locally before editing. 2. It is recommended that the Applicant periodically saves the document as the document is being completed. 3. Applicants must read the accompanying QSQ Document before completing the QSQ Excel document. 4. The Applicant should only make edits to the document where specifically directed within each tab. 5. The document shall be returned in its entirety within the provided QSQ Excel document. No element shall be extracted from this document and submitted separately.
B3: Applicants must not copy and paste values into any field. Each field must be populated individually using dropdown options where available.
A4: =IF(#REF!=0,#REF!,#REF!) -> #REF! | B4: The zoom for the document can be adjusted via the scrollbar in the very bottom right of the screen.
A5: =IF(#REF!=0,#REF!,#REF!) -> #REF! | B5: Each section is contained within a separate tab of the document. It is recommended that each section is completed in the order presented (from left to right)
B6: All sections contain a progress bar in the top right of the tab. Do not proceed to the next tab until the progress bar is at 100%.
B7: Cells in Yellow colour must be completed
A8: =IF(#REF!=0,#REF!,#REF!) -> #REF! | B8: Greyed out cells do not need to be completed.
B9: Some cells contain dropdown menus from which the Applicant's answer must be selected.
B10: This Excel Document should not be submitted until the overall completeness in the Overview tab is 100%

Sheet 4.1 - Applicant details
A1: Section 4.1 - Applicant/Principal Applicant Details | C1: Section Progress | W1: Minimum | X1: 10 | Y1: Total | Z1: Complete | AA1: %
C2: =COUNTA(E7:G9,E11:G15)/COUNTA(D7:D9,D11:D15) -> 0 | W2: JV | X2: 6 | Y2: 8 | Z2: =COUNTA(E7:G9,E11:G15) -> 0 | AA2: =Z2/Y2 -> 0
A3: Note: All questions must be answered accurately and concisely, in the format requested. All supporting information requested in this QSQ must be submitted as an attachment to the related question. Only the responses to the questions included in this QSQ and additional information specifically requested will be reviewed. We reserve the right not to review any unrequested information or material included in, attached to or submitted with your QSQ submission. The Minimum Requirements and Pass Fail Criteria are paraphrased in this excel document – the full details are set out in the QSQ word document. | W3: Other Entities 1 | X3: 4
A4: APPENDIX B1 APPLICANT/PRINCIPAL APPLICANT DETAILS | W4: Other Entities 2 | X4: 7
A5: The information requested below shall be provided by the Applicant (or the Principal Applicant only in the case of a Joint Venture Applicant). Responses to this section are for information purposes only and will not be scored.
A6: Section Number | B6: Question | C6: Response Information | D6: Score/Info | E6: Response | W6: Other Entities 3 | X6: 10
A7: 4.1 | B7: Please specify name of the Applicant , i.e. the proposed organisation that would enter into any Contract with the Contracting Entity. If the Applicant is registered in a non-EU country, the Applicant’s proper legal name can be provided here. | C7: VAT Registered Name of Applicant | D7: Information | W7: Other Entities 4 | X7: 13
B8: Please Provide VAT Registered Number of Applicant This can be left blank if the Applicant is registered in a non-EU country. | C8: VAT Registered Number of Applicant | D8: Information | W8: Other Entities 5 | X8: 16
B9: Please Provide VAT Registered Address of Applicant | C9: VAT Registered Address of Applicant | D9: Information
B10: Please verify your VAT Registered Name, Number and Address are correct using the following website: | D10: http://ec.europa.eu/taxation_customs/vies/
B11: If a registered company: Registered number of Applicant at relevant registration office | C11: Number | D11: Information
B12: Please provide your single point of contact for all communications related to this procurement competition | C12: Contact name | D12: Information
C13: Contact's position | D13: Information
C14: Phone number | D14: Information
C15: E-mail address | D15: Information

Sheet 4.2 - JV Application
A1: Section 4.2 - Joint Venture Application | C1: Section Progress
C2: =IFERROR(N2,0) -> 0 | L2: =IF(E7="No",1,7) -> 7 | M2: =IF(E7="Yes",COUNTA(E7,E8,E9,E10,E11,E12,E13),IF(E7="No",1,0)) -> 0 | N2: =M2/L2 -> 0 | W2: Total | X2: Complete | Y2: %
A3: Note: All questions must be answered accurately and concisely, in the format requested. All supporting information requested in this QSQ must be submitted as an attachment to the related question. Only the responses to the questions included in this QSQ and additional information specifically requested will be reviewed. We reserve the right not to review any unrequested information or material included in, attached to or submitted with your QSQ submission. The Minimum Requirements and Pass Fail Criteria are paraphrased in this excel document – the full details are set out in the QSQ word document. | W3: =IF(E7="No",1)+IF(E7="",1)+IF(E7="Yes",7) -> 1 | X3: =COUNTA(E7:G13) -> 0 | Y3: =X3/W3 -> 0
A4: SECTION 4.2 APPLICATION BY A JOINT VENTURE APPLICANT
A5: If an Applicant is a Joint Venture Applicant, the Applicant must provide the additional information set out in the table below. If it is intended that a joint venture will be incorporated but it has not yet been formed, please provide proposed details in table below.
A6: Section Number | B6: Question | C6: Response Information | D6: Score/Info | E6: Response
A7: 4.2 | B7: Is this Application a joint Venture (JV) / Consortium? | C7: Yes/No | D7: Information
B8: VAT Registered Name of Principal Applicant. If registered in a non-EU country, the proper legal name can be provided. | C8: VAT Registered Name of Principal Applicant | D8: Information
B9: Legal entities (VAT Registered Names) within the consortium or JV. If registered in a non-EU country, the proper legal name can be provided. | C9: All VAT Registered Names within the consortium or JV. | D9: Information
B10: VAT Registered Numbers of the legal entities within the consortium or JV. This can be left blank if the Applicant is registered in a non-EU country | C10: All VAT Registered Numbers within the consortium or JV. | D10: Information
B11: Relevant ownership / participation division (%) within the consortium or JV | C11: (%) split by area of responsibility (e.g. 33% traffic management / 33% safety consultant / 33% plant provider) | D11: Information
B12: Area of Responsibility –include relevant section number from the QSQ | C12: Areas of responsibility (e.g. Finance, traffic management etc.) | D12: Information
B13: Questions responded to by the entity | D13: Information
A14: Notes: (a) VAT Registered Name of the Principal Applicant as per Section 4.1 above, only one entity can be named. (b) The VAT Registered Names, Numbers and Addresses of all legal entities within the Joint Venture Applicant.
A15: Please verify your VAT Registered Name, Number and Address are correct using the following website: | D15: http://ec.europa.eu/taxation_customs/vies/
A16: (c) Relevant ownership/participation percentage split, for example this may be 50/50 or 33/33/33. (d) Details of which entity is putting forward the experience and capabilities in response to the questions. If an entity which does not form part of the consortium / JV is proposed as being fully / partly responsible the extent of the entity’s participation should be listed in Section 4.3. Enter the questions that the entity responded. The entity that is relied upon in relation to a particular question is to provide the response to that question. If more than one response is provided, the responses will each be weighted equally when applying the marks.

Sheet 4.3 - Resources of other entity
A1: Section 4.3 - Resources of Other Entities | C1: Section Progress | W1: Total | X1: Complete | Y1: %
C2: =IFERROR(Z2,0) -> 0 | W2: =IF(E6="",1)+IF(E6="No",1)+IF(E6="Yes - 1 Organisation",6)+IF(E6="Yes - 2 Organisations",9)+IF(E6="Yes - 3 Organisations",12)+IF(E6="Yes - 4 Organisations",15)+IF(E6="Yes - 5 Organisations",18) -> 1 | X2: =COUNTA(E6,E7,E8,B10:G10,B11:G11,B12:G12,B13:G13,B14:G14) -> 0 | Y2: =X2/W2 -> 0 | Z2: =_xlfn.IFNA(Y2,0) -> 0
A3: Note: All questions must be answered accurately and concisely, in the format requested. All supporting information requested in this QSQ must be submitted as an attachment to the related question. Only the responses to the questions included in this QSQ and additional information specifically requested will be reviewed. We reserve the right not to review any unrequested information or material included in, attached to or submitted with your QSQ submission. The Minimum Requirements and Pass Fail Criteria are paraphrased in this excel document – the full details are set out in the QSQ word document.
A4: SECTION 4.3 RESOURCES OF OTHER ENTITIES
A5: Section Number | B5: Question | C5: Response Information | D5: Score/Info | E5: Response
A6: 4.3 | B6: Where the applicant is relying on the resources of another entity (who is not a member of the consortium /JV e.g., subcontractor, subsidiary, parent company, etc,. The Applicant shall provide in this QSQ Response: | C6: Yes/No | D6: Information
B7: (i) The information relevant to the area, section and question to which they are being relied upon; and | C7: Yes/No | D7: information
B8: (ii) Evidence from the entity proving that those resources will be avaiable to the Apllicant for the duartion of the Qualification System and (Unless the resources relate to financial standing/capacity) that the entity being relied upon will perform those elements of a contract for which the resources or capacities relied upon are required. That evidence could be in the form of the undertakings set out in Sections 4.3.1 and 4.3.2 (on a letter with the company letter head of the company being relied upon) as applicable. | C8: Yes/No | D8: Information
B9: Other Entity (VAT Registered Name) | C9: Area of Responsibility - include relevant section number | F9: Questions the Entity Responded

Sheet  Lot Application
A1: Lot Application | E1: Section Progress | W1: Total | X1: Complete | Y1: %
E2: =COUNTA(B7:G13)/COUNTA(A7:A13) -> 0 | W2: 1 | X2: =COUNTA(#REF!) -> 1 | Y2: =X2/W2 -> 1
A3: Note: All questions must be answered accurately and concisely, in the format requested. All supporting information requested in this QSQ must be submitted as an attachment to the related question. Only the responses to the questions included in this QSQ and additional information specifically requested will be reviewed. We reserve the right not to review any unrequested information or material included in, attached to or submitted with your QSQ submission. The Minimum Requirements and Pass Fail Criteria are paraphrased in this excel document – the full details are set out in the QSQ word document.
A4: Question
A5: Please indicate through answering Yes/No below which roles you intend to carry out for the Lots Applied for. Refer to Section A4 of the particulars as outlined in the QSQ Memorandum for details on each Lot and associated sub lots. Note you may apply for as many Lots & Sub Lots as required. Your competency and capability to deliver each Lot & Sub Lot will be assessed at the tender stage should you Successfully Pre-Qualify.
A6: Lot | B6: Please indicate Below to be considered for this role.
A7: Lot 1 - Statutory Inspection, Maintenance, & Repair (incl. Replacement) of Lifting Equipment. Including but not limited to: o Lifting Gear – Chains, Clamps, Eyebolts, Shackles, Pump Lifting Chains, Shackles, Web Slings, Block Grabs o Lifting Appliances – Winches, Jib Arms, Chain Blocks, Gantry Cranes, Lifting Frames & Tripods o Personal Fall Protection Equipment – Harness, Lanyard, Lifelines & rescue lines, Tripods
A8: Lot 2 - Statutory Inspection, Maintenance, & Repair (incl. Replacement) of Pressure Vessels. Including but not limited to: o Air / Water Receiver, Diaphragm Vessel, Compressor, Surge Vessel, Boiler,
A9: Lot 3 – Statutory Inspection, Maintenance, & Repair (incl. Replacement) of Chemical Tanks. Including but not limited to: o Chemical tanks, Chemical bunds, hosing, connectors, fill points, safety showers
A10: Lot 4 – Statutory Inspection, Maintenance, & Repair (incl. Replacement) of ATEX Equipment. Including but not limited to: o M&E Equipment located withing designated zones o Gas installations, chlorine gas auto shut down systems o Lightning Protection Systems
A11: Lot 5 - Statutory Inspection, Maintenance, & Repair (incl. Replacement) of Low Voltage (LV) Electrical Sites. Including but not limited to o Low Voltage Switchgear, o Uninterruptible Power Supply o Generator Synchronisation Equipment o Lighting & Heating o Electrical cables o Generators o Generator / mains manual & auto changeover switches o Programmable Logic Controllers (PLCs) o Soft Starters o Variable Speed Drivers (VSDs) o Rectifiers o Lightning Protection Systems
A12: Lot 6 – Statutory Inspection, Maintenance, & Repair (incl. Replacement) of Medium Voltage (MV) Electrical Sites. Including but not limited to: o Medium Voltage Switchgear o Distribution Transformers o Low Voltage Air Circuit Breakers o Electrical Cables
A13: Lot 7 - General - This Lot is included to capture all other Statutory Inspection requirements that may be needed or yet to be determined.

Sheet D1 - Turnover
A1: Section D1 - Turnover | E1: Section Progress | X1: Total | Y1: Complete | Z1: %
E2: =COUNTA(E5)/COUNTA(B5) -> 0 | X2: 1 | Y2: =COUNTA(E5) -> 0 | Z2: =Y2/X2 -> 0
A3: Note: All questions must be answered accurately and concisely, in the format requested. All supporting information requested in this QSQ must be submitted as an attachment to the related question. Only the responses to the questions included in this QSQ and additional information specifically requested will be reviewed. We reserve the right not to review any unrequested information or material included in, attached to or submitted with your QSQ submission. The Minimum Requirements and Pass Fail Criteria are paraphrased in this excel document – the full details are set out in the QSQ word document.
A4: Section Number | B4: Question | C4: Response Information | D4: Score/Info | E4: Response
A5: D1 | B5: Have you provided copies of your organisations financial statements demonstrating sufficient turnover as outlined? | C5: The Minimum Requirement is that the Applicant must demonstrate an average annual turnover, in the last 2 years or pro-rata for a ompany established within the last 2 years of at least: Note: If applying for more than one lot, the Applicant must demonstrate an average annual turnover of the cumulative value pertaining to all selected lots. | D5: Minimum Requirement | W5: Lot 1 | X5: {=IF(' Lot Application'!B7:G7="Yes",1,0)} -> 0 | Y5: 0 | Z5: 0 | AA5: 0 | AB5: 0 | AC5: 0 | AE5: 1440000 | AG5: =X5*AE5 -> 0
C6: =SUM(AG5:AG11) -> 0 | W6: Lot 2 | X6: {=IF(' Lot Application'!B8:G8="Yes",1,0)} -> 0 | Y6: 0 | Z6: 0 | AA6: 0 | AB6: 0 | AC6: 0 | AE6: 350000 | AG6: =X6*AE6 -> 0
W7: Lot 3 | X7: {=IF(' Lot Application'!B9:G9="Yes",1,0)} -> 0 | Y7: 0 | Z7: 0 | AA7: 0 | AB7: 0 | AC7: 0 | AE7: 1000000 | AG7: =X7*AE7 -> 0
W8: Lot 4 | X8: {=IF(' Lot Application'!B10:G10="Yes",1,0)} -> 0 | Y8: 0 | Z8: 0 | AA8: 0 | AB8: 0 | AC8: 0 | AE8: 500000 | AG8: =X8*AE8 -> 0
W9: Lot 5 | X9: {=IF(' Lot Application'!B11:G11="Yes",1,0)} -> 0 | Y9: 0 | Z9: 0 | AA9: 0 | AB9: 0 | AC9: 0 | AE9: 1500000 | AG9: =X9*AE9 -> 0
W10: Lot 6 | X10: {=IF(' Lot Application'!B12:G12="Yes",1,0)} -> 0 | Y10: 0 | Z10: 0 | AA10: 0 | AB10: 0 | AC10: 0 | AE10: 500000 | AG10: =X10*AE10 -> 0
W11: Lot 7 | X11: {=IF(' Lot Application'!B13:G13="Yes",1,0)} -> 0 | Y11: 0 | Z11: 0 | AA11: 0 | AB11: 0 | AC11: 0 | AE11: 500000 | AG11: =X11*AE11 -> 0

Sheet D2 - Relevant Experience
A1: Section D2 - Relevant Experience | E1: Section Progress
E2: =IFERROR(Z3,0) -> 0
A3: Note: All questions must be answered accurately and concisely, in the format requested. All supporting information requested in this QSQ must be submitted as an attachment to the related question. Only the responses to the questions included in this QSQ and additional information specifically requested will be reviewed. We reserve the right not to review any unrequested information or material included in, attached to or submitted with your QSQ submission. The Minimum Requirements and Pass Fail Criteria are paraphrased in this excel document – the full details are set out in the QSQ word document. | X3: =SUM(AE7:AE12) -> 0 | Y3: =SUM(AF7:AF12) -> 0 | Z3: =Y3/X3 -> #DIV/0!
A4: Section Number | B4: Question | C4: Response Information | D4: Score/Info | E4: Response
A5: D2 | B5: The Minimum Requirement is that the Applicant (rather than an individual working for the Applicant) must provide details, on the project Tab D2 Relevant Experience of the accompanying workbook of at least three contracts undertaken in the last three years immediately preceding the date noted at Item B1 of these Particulars that are similar in nature, scale and complexity and carried out in a similarly demanding environment to the Qualification System the scope of which is outlined at Item A4 of the Particulars. Details of the locations of where the inspections were carried shall be included.
E6: Reference Project 1 | F6: Reference Project 2 | G6: Reference Project 3
A7: D2 | B7: Lot 1 - Statutory Inspection, Maintenance, & Repair (incl. Replacement) of Lifting Equipment: At a minimum, any of the 3 reference projects or a combination of the projects shall have included an average of 1,000 monthly inspections of similar type and scale. | C7: Information | D7: Minimum Requirement | W7: {=' Lot Application'!B7:G7} -> 0 | X7: 0 | Y7: 0 | Z7: 0 | AA7: 0 | AB7: 0 | AD7: =W7 -> 0 | AE7: =IF(AD7="Yes",3,0) -> 0 | AF7: =IF(AD7="Yes",COUNTA(E7:G7),0) -> 0
B8: Lot 2 - Statutory Inspection, Maintenance, & Repair (incl. Replacement) of Pressure Vessels. At a minimum, any of the 3 reference projects or a combination of the projects shall have included an average of 30 monthly inspections of similar type and scale. | C8: Information | W8: {=' Lot Application'!B8:G8} -> 0 | X8: 0 | Y8: 0 | Z8: 0 | AA8: 0 | AB8: 0 | AD8: =W8 -> 0 | AE8: =IF(AD8="Yes",3,0) -> 0 | AF8: =IF(AD8="Yes",COUNTA(E8:G8),0) -> 0
B9: Lot 3 - Statutory Inspection, Maintenance, & Repair (incl. Replacement) of Chemical Tanks. At a minimum, any of the 3 reference projects or a combination of the projects shall have included an average of 30 monthly inspections of similar type and scale. | C9: Information | W9: {=' Lot Application'!B9:G9} -> 0 | X9: 0 | Y9: 0 | Z9: 0 | AA9: 0 | AB9: 0 | AD9: =W9 -> 0 | AE9: =IF(AD9="Yes",3,0) -> 0 | AF9: =IF(AD9="Yes",COUNTA(E9:G9),0) -> 0
B10: Lot 4 - Statutory Inspection, Maintenance, & Repair (incl. Replacement) of ATEX Equipment. At a minimum, any of the 3 reference projects or a combination of the projects shall have included an average of 5 monthly inspections of similar type and scale. | C10: Information | W10: {=' Lot Application'!B10:G10} -> 0 | X10: 0 | Y10: 0 | Z10: 0 | AA10: 0 | AB10: 0 | AD10: =W10 -> 0 | AE10: =IF(AD10="Yes",3,0) -> 0 | AF10: =IF(AD10="Yes",COUNTA(E10:G10),0) -> 0
B11: Lot 5 - Statutory Inspection, Maintenance, & Repair (incl. Replacement) of Low Voltage (LV) Electrical Sites. At a minimum, any of the 3 reference projects or a combination of the projects shall have included an average of 100 monthly inspections of similar type and scale. | C11: Information | W11: {=' Lot Application'!B11:G11} -> 0 | X11: 0 | Y11: 0 | Z11: 0 | AA11: 0 | AB11: 0 | AD11: =W11 -> 0 | AE11: =IF(AD11="Yes",3,0) -> 0 | AF11: =IF(AD11="Yes",COUNTA(E11:G11),0) -> 0
B12: Lot 6 - Statutory Inspection, Maintenance, & Repair (incl. Replacement) of Medium Voltage (MV) Electrical Sites. At a minimum, any of the 3 reference projects or a combination of the projects shall have included an average of 5 monthly inspections of similar type and scale. | C12: Information | W12: {=' Lot Application'!B12:G12} -> 0 | X12: 0 | Y12: 0 | Z12: 0 | AA12: 0 | AB12: 0 | AD12: =W12 -> 0 | AE12: =IF(AD12="Yes",3,0) -> 0 | AF12: =IF(AD12="Yes",COUNTA(E12:G12),0) -> 0

Sheet D3 - HSQE Min Req
A1: Section D3 - HSQE Minimum requirements | C1: Section Progress
C2: =COUNTA(E7,E11:E14,E17:J21,C22)/36 -> 0 | U2: Total | V2: Complete | W2: %
A3: Note: All questions must be answered accurately and concisely, in the format requested. All supporting information requested in this QSQ must be submitted as an attachment to the related question. Only the responses to the questions included in this QSQ and additional information specifically requested will be reviewed. We reserve the right not to review any unrequested information or material included in, attached to or submitted with your QSQ submission. The Minimum Requirements and Pass Fail Criteria are paraphrased in this excel document – the full details are set out in the QSQ word document. | U3: =IF(#REF!="No",1)+IF(#REF!="",1)+IF(#REF!="Yes",7) -> #REF! | V3: =COUNTA(E14:F14) -> 0 | W3: =V3/U3 -> #REF!
A4: Section Number | B4: Question | C4: Response Information | D4: Score/Info | E4: Response
A7: (A) | B7: Safety Statement, Health and Safety Policy or equivalent The Applicant (including Joint Ventures) shall submit a copy of their Safety Statement as required under the Safety, Health and Welfare at Work Act 2005 or equivalent document (if registered outside of Ireland). As a minimum, this must include health and safety policy, management structure, responsibilities/resources, health and safety training requirements, accident and emergency procedures, and the relevant risk assessments to ensure the safety, health and welfare of their employees. | C7: Yes/No | D7: Minimum Requirement
E10: No. | F10: Details
A11: (B) | B11: Enforcement Actions The Applicant shall provide, for itself and each member (joint venture / consortium) of the Applicant, details of the number of enforcement actions or prosecutions by the HSA, the HSE or local authorities (in the UK) or other equivalent safety regulator in the last 5 years (up to the date 7 calendar days before the latest date for submission of the response to this QSQ). If there are none, enter ‘0’ in the No. column in table alongside. Where an Applicant has had an Enforcement Action or Prosecution in the last 5 years, please outline the effective and enduring corrective and preventive measures that have been put in place to prevent reoccurrence. | C11: Prosecutions | D11: Minimum Requirement
C12: Prohibition Notices/orders | D12: Minimum Requirement
C13: Improvement Notices | D13: Minimum Requirement
C14: Improvement Plans | D14: Minimum Requirement
E16: 2019 | F16: 2020 | G16: 2021 | H16: 2022 | I16: 2023 | J16: 2024 | K16: Total
A17: (C) | B17: HSA Accident/Incident Performance The Applicant shall provide details in the table below of its’ accident / incident performance (including joint ventures and subcontractors working on your behalf) for each of the last 5 years (up to the date 7 calendar days before the latest date for submission of the response to this QSQ). Insert 0 if no incidents recorded or NA if data is unavailable. If data is unavailable the Applicant should provide an explanation in the Applicant’s Response box [below]. Where an Applicant has had a fatality, please outline the effective and enduring corrective and preventive measures that have been put in place to prevent reoccurrence. | C17: Man-hours Worked | D17: Minimum Requirement | K17: =SUM(E17:J17) -> 0
C18: Fatalities (absolute) | D18: Minimum Requirement | K18: =SUM(E18:J18) -> 0
C19: Reportable (>3 day) Accidents (absolute) | D19: Minimum Requirement | K19: =SUM(E19:J19) -> 0
C20: Lost Time (≤3 day) Accidents (absolute) | D20: Minimum Requirement | K20: =SUM(E20:J20) -> 0
C21: Reportable Dangerous Occurrences (HSA/HSE) (absolute) | D21: Minimum Requirement | K21: =SUM(E21:J21) -> 0
B22: Please Provide an explanantion on why data is unavailable for the above (Please type N/A if not applicable)

Sheet D4 - Min. requirements
A1: Section D4 - Minimum requirements | C1: Section Progress
C2: =IFERROR(N2,0) -> 0 | L2: =IF(E6="NA",2,4) -> 4 | M2: =IF(E6="Yes",COUNTA(E6,E7,E8,E9),IF(E6="NA",COUNTA(E6,E9),0)) -> 0 | N2: =M2/L2 -> 0 | W2: Total | X2: Complete | Y2: %
A3: Note: All questions must be answered accurately and concisely, in the format requested. All supporting information requested in this QSQ must be submitted as an attachment to the related question. Only the responses to the questions included in this QSQ and additional information specifically requested will be reviewed. We reserve the right not to review any unrequested information or material included in, attached to or submitted with your QSQ submission. The Minimum Requirements and Pass Fail Criteria are paraphrased in this excel document – the full details are set out in the QSQ word document. | W3: =IF(#REF!="No",1)+IF(#REF!="",1)+IF(#REF!="Yes",7) -> #REF! | X3: =COUNTA(E5:G9) -> 0 | Y3: =X3/W3 -> #REF!
A4: Section Number | B4: Question | C4: Response Information | D4: Score/Info | E4: Response
A5: Compliance with requirements of the Modern Slavery Act 2015 or equivalent legislation Commercial organisations that carry on a business or part of a business in the UK, supply goods or services and have an annual turnover of £36 million or more (“relevant commercial organisations”) are required under section 54 of the UK’s Modern Slavery Act to prepare a slavery and human trafficking statement as defined by section 54 of the Act, The Minimum Requirement is either: (1) that the Applicant states “N/A” to all questions (because it is not a “relevant commercial organisation” as defined above and the country in which it is incorporated does not have equivalent legislation to the Act) or, (2) where the Applicant states “Yes” to question (A), it provides sufficient evidence that it is compliant with the annual reporting requirements contained in section 54 of the Modern Slavery Act or (3) the Applicant responds “Yes” to question (C).
A6: A | B6: Is the Applicant a relevant commercial organisation as defined by section 54 ("Transparency in supply chains etc.") of the Modern Slavery Act 2015 ("the Act")? | C6: Yes/NA | D6: Minimum Requiment
A7: B | B7: If “Yes”, is the Applicant compliant with the annual reporting requirements contained within section 54 of the Act? Where the Applicant fails to provide sufficient evidence of compliance with the annual reporting requirements contained within section 54 of the Act (where applicable), this may result in the Applicant being eliminated without further consideration of its QSQ Response. | C7: Yes/No/NA | D7: Minimum Requiment
B8: Please provide details of the above | C8: Information | D8: Minimum Requiment
A9: C | B9: If the country in which the Applicant is incorporated has equivalent legislation to the Act, is the Applicant compliant with the requirements of that Act? | C9: Yes/No/NA | D9: Minimum Requiment

Sheet D5 - Min. requirements
A1: Section D5 - Minimum requirements | C1: Section Progress
C2: =IFERROR(N2,0) -> 0 | L2: =IF(E6="Yes",3,2) -> 2 | M2: =IF(E6="Yes",COUNTA(E6,E7,E9),COUNTA(E6,E9)) -> 0 | N2: =M2/L2 -> 0 | W2: Total | X2: Complete | Y2: %
A3: Note: All questions must be answered accurately and concisely, in the format requested. All supporting information requested in this QSQ must be submitted as an attachment to the related question. Only the responses to the questions included in this QSQ and additional information specifically requested will be reviewed. We reserve the right not to review any unrequested information or material included in, attached to or submitted with your QSQ submission. The Minimum Requirements and Pass Fail Criteria are paraphrased in this excel document – the full details are set out in the QSQ word document. | W3: =IF(#REF!="No",1)+IF(#REF!="",1)+IF(#REF!="Yes",7) -> #REF! | X3: =COUNTA(#REF!) -> 1 | Y3: =X3/W3 -> #REF!
A4: Section Number | B4: Question | C4: Response Information | D4: Score/Info | E4: Response
A5: Employee Related Matters The Minimum Requirement is either that the Applicant states “None” in response to the question below or, where it states “Yes”, it provides sufficient evidence that appropriate action has been taken as a result of any unlawful discrimination or findings by the Workplace Relations Commission, the Equality Commission in Northern Ireland, the Equality and Human Rights Commission (Scotland) or any comparable body in any other jurisdiction.
A6: a | B6: In the last three years immediately preceding the date noted at Item B1 of these Particulars, has any finding of unlawful discrimination been made against the Applicant (or any parent company) by any court, employment tribunal, employment appeal tribunal or any comparable body in any other jurisdictions? And/or has the Applicant (or any parent company) been the subject of formal investigations by the Workplace Relations Commission, the Equality Commission of Northern Ireland or the Equality and Human Rights Commission (Scotland) or any comparable body in any other jurisdiction on grounds of alleged unlawful discrimination? If “Yes”, give details, including any corrective steps taken as a consequence of the findings. If “No”, please select “None”. Where the Applicant fails to provide sufficient evidence that appropriate action had been taken this may result in the Applicant being eliminated without further consideration of its QSQ Response. | C6: Yes/None | D6: Minimum Requiment
B7: Please provide details of the above | C7: Information | D7: Minimum Requiment
A8: Compliance with requirements of the COUNCIL REGULATION (EU) 2022/576 of 8 April 2022 amending Regulation (EU) No 833/2014 concerning restrictive measures in view of Russia’s actions destabilising the situation in Ukraine 1. Subject to the provisions of Article 5k.1 of the Council Regulation (EU) 2022/576 of 8 April 2022 amending Regulation (EU) No 833/2014 (in this Section 6.4, the Council Regulation), the Contracting Entity shall be prohibited from awarding a contract: a. A Russian national, or a natural or legal person, entity or body established in Russia; b. A legal person, entity or body whose proprietary rights are directly or indirectly owned for more than 50 % by an entity referred to in point (a); or c. a natural or legal person, entity or body acting on behalf or at the direction of an entity referred to in point (a) or (b), including, where they account for more than 10 % of the contract value, subcontractors, suppliers or entities whose capacities are being relied on within the meaning of the public procurement directives. 2. If any of the conditions set out in Article 5k.1 of the Council Regulation apply, the Tenderer shall be excluded from the competition, unless specific grounds for derogation exist in accordance with Article 5k.2 of the Council Regulation.
A9: a | B9: Do you or, if applicable, a subcontractor, supplier or entity whose capacities are being relied on, fall under one of the definitions under Section 5k.1 of the Council Regulation (please refer to scenario (a), (b), (c) listed under Section 6.4 (A))? | C9: Yes/No | D9: Minimum Requiment

Sheet 5.2 - Resources
A1: Section 5.2 - Resources | E1: Section Progress | X1: Total | Y1: Complete | Z1: %
E2: =COUNTA(E5:H5)/COUNTA(B5:B5) -> 0 | X2: 4 | Y2: =COUNTA(#REF!,#REF!,#REF!,#REF!) -> 4 | Z2: =Y2/X2 -> 1
A3: Note: All questions must be answered accurately and concisely, in the format requested. All supporting information requested in this QSQ must be submitted as an attachment to the related question. Only the responses to the questions included in this QSQ and additional information specifically requested will be reviewed. We reserve the right not to review any unrequested information or material included in, attached to or submitted with your QSQ submission. The Minimum Requirements and Pass Fail Criteria are paraphrased in this excel document – the full details are set out in the QSQ word document.
A4: Section Number | B4: Question | C4: Response Information | D4: Score/Info | E4: Response
A5: 5.2.1 | B5: The Applicant shall provide a current organisation chart for the Applicant showing he current senior management, health & safety and maintenance teams of the Applicant.The organogram should show clear lines of responsibility and accountability for the variety of disciplines carried out. For a joint venture/consoritum the organorgram shoudl show the lines of responsibility and accountability within th propposed grouping. Maximum no of A4 pages - 2 | C5: Information | D5: Scored (300 marks)

Sheet 5.3 - Experience
A1: Section 5.3 - Experience | E1: Section Progress
E2: =IFERROR(AY3,0) -> 0 | AW2: TOTAL | AX2: Complete %
A3: Note: All questions must be answered accurately and concisely, in the format requested. All supporting information requested in this QSQ must be submitted as an attachment to the related question. Only the responses to the questions included in this QSQ and additional information specifically requested will be reviewed. We reserve the right not to review any unrequested information or material included in, attached to or submitted with your QSQ submission. The Minimum Requirements and Pass Fail Criteria s are paraphrased in this excel document – the full details are set out in the QSQ word document. | AW3: =SUM(AT7:AT13) -> 0 | AX3: =SUM(AU7:AU13) -> 0 | AY3: =AX3/AW3 -> #DIV/0!
A4: Section Number | B4: Question | C4: Response Information | D4: Score/Info | E4: Response
A5: Section 5.3 - Experience The Applicant is to provide 1x reference projects per lot applying for (as detailed below) in the last three years that are similar in nature, scale and complexity to the reference project titles below. The examples carry equal weightings of 300 marks each. The entity that performed the contract in question must be the entity that is relied upon by the Applicant in its answer.
E7: Project Reference Data Sheet - Project 1 | AN7: {=' Lot Application'!B7:D7} -> 0 | AO7: 0 | AP7: 0 | AR7: =AN7 -> 0 | AT7: =IF(AR7="Yes",13,0) -> 0 | AU7: =IF(AR7="Yes",COUNTA(E8:H20),0) -> 0
A8: 5.3.1 | B8: Reference Project for Lot 1 | C8: Client Name/Customer sector | D8: Scored (4 marks) | AN8: {=' Lot Application'!B8:D8} -> 0 | AO8: 0 | AP8: 0 | AR8: =AN8 -> 0 | AT8: =IF(AR8="Yes",13,0) -> 0 | AU8: =IF(AR8="Yes",COUNTA(E22:H34),0) -> 0
C9: Start Date and Finish Date | D9: Scored (4 marks) | AN9: {=' Lot Application'!B9:D9} -> 0 | AO9: 0 | AP9: 0 | AR9: =AN9 -> 0 | AT9: =IF(AR9="Yes",13,0) -> 0 | AU9: =IF(AR9="Yes",COUNTA(E36:H48),0) -> 0
C10: Project Title | D10: Scored (4 marks) | AN10: {=' Lot Application'!B10:D10} -> 0 | AO10: 0 | AP10: 0 | AR10: =AN10 -> 0 | AT10: =IF(AR10="Yes",13,0) -> 0 | AU10: =IF(AR10="Yes",COUNTA(E50:H62),0) -> 0
C11: Project overview | D11: Scored (4 marks) | AN11: {=' Lot Application'!B11:D11} -> 0 | AO11: 0 | AP11: 0 | AR11: =AN11 -> 0 | AT11: =IF(AR11="Yes",13,0) -> 0 | AU11: =IF(AR11="Yes",COUNTA(E64:H76),0) -> 0
C12: Overall Project Value (incl. VAT) | D12: Scored (4 marks) | AN12: {=' Lot Application'!B12:D12} -> 0 | AO12: 0 | AP12: 0 | AR12: =AN12 -> 0 | AT12: =IF(AR12="Yes",13,0) -> 0 | AU12: =IF(AR12="Yes",COUNTA(E78:H90),0) -> 0
C13: Volume of Inspections | D13: Scored (15 marks) | AN13: {=' Lot Application'!B13:D13} -> 0 | AO13: 0 | AP13: 0 | AR13: =AN13 -> 0 | AT13: =IF(AR13="Yes",13,0) -> 0 | AU13: =IF(AR13="Yes",COUNTA(E92:H104),0) -> 0
C14: Equipment types | D14: Scored (15 marks)
C15: Location(s) | D15: Scored (10 marks)
C16: Main Duties and Responsibilities of the company | D16: Scored (50 marks)
C17: Relevance to the contracting Entity's Requirements | D17: Scored (50 marks)
C18: Logistics Management | D18: Scored (50 marks)
C19: Monthly Reporting examples | D19: Scored (40 marks)
C20: Lessons learned & Quality Assurance | D20: Scored (50 marks)
E21: Project Reference Data Sheet - Project 2
A22: 5.3.2 | B22: Reference Project for Lot 2 | C22: Client Name/Customer sector | D22: Scored (4 marks)
C23: Start Date and Finish Date | D23: Scored (4 marks)
C24: Project Title | D24: Scored (4 marks)
C25: Project overview | D25: Scored (4 marks)
C26: Overall Project Value (incl. VAT) | D26: Scored (4 marks)
C27: Volume of Inspections | D27: Scored (15 marks)
C28: Equipment types | D28: Scored (15 marks)
C29: Location(s) | D29: Scored (10 marks)
C30: Main Duties and Responsibilities of the company | D30: Scored (50 marks)
C31: Relevance to the contracting Entity's Requirements | D31: Scored (50 marks)
C32: Logistics Management | D32: Scored (50 marks)
C33: Monthly Reporting examples | D33: Scored (40 marks)
C34: Lessons learned & Quality Assurance | D34: Scored (50 marks)
E35: Project Reference Data Sheet - Project 3
A36: 5.3.3 | B36: Reference Project for Lot 3 | C36: Client Name/Customer sector | D36: Scored (4 marks)
C37: Start Date and Finish Date | D37: Scored (4 marks)
C38: Project Title | D38: Scored (4 marks)
C39: Project overview | D39: Scored (4 marks)
C40: Overall Project Value (incl. VAT) | D40: Scored (4 marks)
C41: Volume of Inspections | D41: Scored (15 marks)
C42: Equipment types | D42: Scored (15 marks)
C43: Location(s) | D43: Scored (10 marks)
C44: Main Duties and Responsibilities of the company | D44: Scored (50 marks)
C45: Relevance to the contracting Entity's Requirements | D45: Scored (50 marks)
C46: Logistics Management | D46: Scored (50 marks)
C47: Monthly Reporting examples | D47: Scored (40 marks)
C48: Lessons learned & Quality Assurance | D48: Scored (50 marks)
E49: Project Reference Data Sheet - Project 4
A50: 5.3.4 | B50: Reference Project for Lot 4 | C50: Client Name/Customer sector | D50: Scored (4 marks)
C51: Start Date and Finish Date | D51: Scored (4 marks)
C52: Project Title | D52: Scored (4 marks)
C53: Project overview | D53: Scored (4 marks)
C54: Overall Project Value (incl. VAT) | D54: Scored (4 marks)
C55: Volume of Inspections | D55: Scored (15 marks)
C56: Equipment types | D56: Scored (15 marks)
C57: Location(s) | D57: Scored (10 marks)
C58: Main Duties and Responsibilities of the company | D58: Scored (50 marks)
C59: Relevance to the contracting Entity's Requirements | D59: Scored (50 marks)
C60: Logistics Management | D60: Scored (50 marks)
C61: Monthly Reporting examples | D61: Scored (40 marks)
C62: Lessons learned & Quality Assurance | D62: Scored (50 marks)
E63: Project Reference Data Sheet - Project 5
A64: 5.3.5 | B64: Reference Project for Lot 5 | C64: Client Name/Customer sector | D64: Scored (4 marks)
C65: Start Date and Finish Date | D65: Scored (4 marks)
C66: Project Title | D66: Scored (4 marks)
C67: Project overview | D67: Scored (4 marks)
C68: Overall Project Value (incl. VAT) | D68: Scored (4 marks)
C69: Volume of Inspections | D69: Scored (15 marks)
C70: Equipment types | D70: Scored (15 marks)
C71: Location(s) | D71: Scored (10 marks)
C72: Main Duties and Responsibilities of the company | D72: Scored (50 marks)
C73: Relevance to the contracting Entity's Requirements | D73: Scored (50 marks)
C74: Logistics Management | D74: Scored (50 marks)
C75: Monthly Reporting examples | D75: Scored (40 marks)
C76: Lessons learned & Quality Assurance | D76: Scored (50 marks)
E77: Project Reference Data Sheet - Project 6
A78: 5.3.6 | B78: Reference Project for Lot 6 | C78: Client Name/Customer sector | D78: Scored (4 marks)
C79: Start Date and Finish Date | D79: Scored (4 marks)
C80: Project Title | D80: Scored (4 marks)
C81: Project overview | D81: Scored (4 marks)
C82: Overall Project Value (incl. VAT) | D82: Scored (4 marks)
C83: Volume of Inspections | D83: Scored (15 marks)
C84: Equipment types | D84: Scored (15 marks)
C85: Location(s) | D85: Scored (10 marks)
C86: Main Duties and Responsibilities of the company | D86: Scored (50 marks)
C87: Relevance to the contracting Entity's Requirements | D87: Scored (50 marks)
C88: Logistics Management | D88: Scored (50 marks)
C89: Monthly Reporting examples | D89: Scored (40 marks)
C90: Lessons learned & Quality Assurance | D90: Scored (50 marks)
E91: Project Reference Data Sheet - Project 7
A92: 5.3.7 | B92: Reference Project for Lot 7 | C92: Client Name/Customer sector | D92: Scored (4 marks)
C93: Start Date and Finish Date | D93: Scored (4 marks)
C94: Project Title | D94: Scored (4 marks)
C95: Project overview | D95: Scored (4 marks)
C96: Overall Project Value (incl. VAT) | D96: Scored (4 marks)
C97: Volume of Inspections | D97: Scored (15 marks)
C98: Equipment types | D98: Scored (15 marks)
C99: Location(s) | D99: Scored (10 marks)
C100: Main Duties and Responsibilities of the company | D100: Scored (50 marks)
C101: Relevance to the contracting Entity's Requirements | D101: Scored (50 marks)
...

Sheet 5.4.1 - H&S - Contractor
A1: Section 5.4.1 - Health & Safety - Contractor | E1: Section Progress
E2: =IFERROR(Y4,0) -> 0
A3: Note: All questions must be answered accurately and concisely, in the format requested. All supporting information requested in this QSQ must be submitted as an attachment to the related question. Only the responses to the questions included in this QSQ and additional information specifically requested will be reviewed. We reserve the right not to review any unrequested information or material included in, attached to or submitted with your QSQ submission. The Minimum Requirements and Pass Fail Criteria are paraphrased in this excel document – the full details are set out in the QSQ word document.
A4: 380 Marks for Lot 1,2,3,5,6,7 and 340 Marks for Lot 4 with a minimum of 60% Pass Mark Per Section | W4: =SUM(AC6:AC12) -> 0 | X4: =SUM(AD6:AD12) -> 0 | Y4: =X4/W4 -> #DIV/0!
A5: LOT 1
A6: Section Number | B6: Question | C6: Response Information | D6: Score/Info | E6: Response | U6: {=' Lot Application'!B7:G7} -> 0 | V6: 0 | W6: 0 | X6: 0 | Y6: 0 | Z6: 0 | AB6: =U6 -> 0 | AC6: =IF(AB6="Yes",7,0) -> 0 | AD6: =IF(AB6="Yes",COUNTA(E7:H12),0) -> 0
A7: 5.4.1.1 | B7: The Applicant shall provide evidence of a third party accredited Safety Management System e.g. Safe-T-Cert, OHSAS 18001/ISO45001 etc. If it not certified the applicant must provide information on how they implement a Health and Safety Management System. Maximum number of A4 pages: 4 | C7: Information | D7: Scored (30 marks) | U7: {=' Lot Application'!B8:G8} -> 0 | V7: 0 | W7: 0 | X7: 0 | Y7: 0 | Z7: 0 | AB7: =U7 -> 0 | AC7: =IF(AB7="Yes",7,0) -> 0 | AD7: =IF(AB7="Yes",COUNTA(E16:H21),0) -> 0
A8: 5.4.1.2 | B8: The Applicant shall provide evidence of the company’s process for assessing the competency of : (i) Staff and, (ii) Sub-contractor and (iii) Designers (including Supplier Designers e.g. manhole covers, pre cast chambers etc) Maximum number of A4 pages: 4 | C8: Information | D8: Scored (30 marks) | U8: {=' Lot Application'!B9:G9} -> 0 | V8: 0 | W8: 0 | X8: 0 | Y8: 0 | Z8: 0 | AB8: =U8 -> 0 | AC8: =IF(AB8="Yes",7,0) -> 0 | AD8: =IF(AB8="Yes",COUNTA(E25:H30),0) -> 0
A9: 5.4.1.3 | B9: The Applicant shall provide its procedure for the company’s process for planning and maintaining all resources required for the project – i.e. Staff, Supervision, Safety Personnel, plant, equipment. IT requirements, materials etc. Maximum number of A4 pages: 2 | C9: Information | D9: Scored (30 marks) | U9: {=' Lot Application'!B10:G10} -> 0 | V9: 0 | W9: 0 | X9: 0 | Y9: 0 | Z9: 0 | AB9: =U9 -> 0 | AC9: =IF(AB9="Yes",7,0) -> 0 | AD9: =IF(AB9="Yes",COUNTA(E34:H39),0) -> 0
A10: 5.4.1.4 | B10: The Applicant shall provide its procedure for auditing and inspection of Health & Safety performance including its process for ensuring effective close out of items raised. Maximum number of A4 pages: 4 | C10: Information | D10: Scored (30 marks) | U10: {=' Lot Application'!B11:G11} -> 0 | V10: 0 | W10: 0 | X10: 0 | Y10: 0 | Z10: 0 | AB10: =U10 -> 0 | AC10: =IF(AB10="Yes",7,0) -> 0 | AD10: =IF(AB10="Yes",COUNTA(E43:H48),0) -> 0
A11: 5.4.1.5 | B11: The Applicant shall provide evidence of how health and safety information e.g., Inductions, Safe Work Procedures (Method Statements, Permits, Safe Plan of Action etc.), is effectively communicated to those carrying out work on site. Maximum number of A4 pages: 4 | C11: Information | D11: Scored (30 marks) | U11: {=' Lot Application'!B12:G12} -> 0 | V11: 0 | W11: 0 | X11: 0 | Y11: 0 | Z11: 0 | AB11: =U11 -> 0 | AC11: =IF(AB11="Yes",7,0) -> 0 | AD11: =IF(AB11="Yes",COUNTA(E52:H57),0) -> 0
A12: 5.4.1.6 | B12: The Applicant shall provide details of how it communicated with each duty holder (Designer, Project Supervisor Design Process, Project Supervisor Construction Stage and Contractor) and those in operational control of place of work (e.g., plant, factory etc) on previous a project. Please note that details of communication of duty holders in other EU jurisdictions that are equivalent are acceptable. Maximum number of A4 pages: 4 | C12: Information | D12: Scored (30 marks) | U12: {=' Lot Application'!B13:G13} -> 0 | V12: 0 | W12: 0 | X12: 0 | Y12: 0 | Z12: 0 | AB12: =U12 -> 0 | AC12: =IF(AB12="Yes",7,0) -> 0 | AD12: =IF(AB12="Yes",COUNTA(E61:H66),0) -> 0
A14: LOT 2
A15: Section Number | B15: Question | C15: Response Information | D15: Score/Info | E15: Response
A16: 5.4.1.1 | B16: The Applicant shall provide evidence of a third party accredited Safety Management System e.g. Safe-T-Cert, OHSAS 18001/ISO45001 etc. If it not certified the applicant must provide information on how they implement a Health and Safety Management System. Maximum number of A4 pages: 4 | C16: Information | D16: Scored (30 marks)
A17: 5.4.1.2 | B17: The Applicant shall provide evidence of the company’s process for assessing the competency of : (i) Staff and, (ii) Sub-contractor and (iii) Designers (including Supplier Designers e.g. manhole covers, pre cast chambers etc) Maximum number of A4 pages: 4 | C17: Information | D17: Scored (30 marks)
A18: 5.4.1.3 | B18: The Applicant shall provide its procedure for the company’s process for planning and maintaining all resources required for the project – i.e. Staff, Supervision, Safety Personnel, plant, equipment. IT requirements, materials etc. Maximum number of A4 pages: 2 | C18: Information | D18: Scored (30 marks)
A19: 5.4.1.4 | B19: The Applicant shall provide its procedure for auditing and inspection of Health & Safety performance including its process for ensuring effective close out of items raised. Maximum number of A4 pages: 4 | C19: Information | D19: Scored (30 marks)
A20: 5.4.1.5 | B20: The Applicant shall provide evidence of how health and safety information e.g., Inductions, Safe Work Procedures (Method Statements, Permits, Safe Plan of Action etc.), is effectively communicated to those carrying out work on site. Maximum number of A4 pages: 4 | C20: Information | D20: Scored (30 marks)
A21: 5.4.1.6 | B21: The Applicant shall provide details of how it communicated with each duty holder (Designer, Project Supervisor Design Process, Project Supervisor Construction Stage and Contractor) and those in operational control of place of work (e.g., plant, factory etc) on previous a project. Please note that details of communication of duty holders in other EU jurisdictions that are equivalent are acceptable. Maximum number of A4 pages: 4 | C21: Information | D21: Scored (30 marks)
A23: LOT 3
A24: Section Number | B24: Question | C24: Response Information | D24: Score/Info | E24: Response
A25: 5.4.1.1 | B25: The Applicant shall provide evidence of a third party accredited Safety Management System e.g. Safe-T-Cert, OHSAS 18001/ISO45001 etc. If it not certified the applicant must provide information on how they implement a Health and Safety Management System. Maximum number of A4 pages: 4 | C25: Information | D25: Scored (30 marks)
A26: 5.4.1.2 | B26: The Applicant shall provide evidence of the company’s process for assessing the competency of : (i) Staff and, (ii) Sub-contractor and (iii) Designers (including Supplier Designers e.g. manhole covers, pre cast chambers etc) Maximum number of A4 pages: 4 | C26: Information | D26: Scored (30 marks)
A27: 5.4.1.3 | B27: The Applicant shall provide its procedure for the company’s process for planning and maintaining all resources required for the project – i.e. Staff, Supervision, Safety Personnel, plant, equipment. IT requirements, materials etc. Maximum number of A4 pages: 2 | C27: Information | D27: Scored (30 marks)
A28: 5.4.1.4 | B28: The Applicant shall provide its procedure for auditing and inspection of Health & Safety performance including its process for ensuring effective close out of items raised. Maximum number of A4 pages: 4 | C28: Information | D28: Scored (30 marks)
A29: 5.4.1.5 | B29: The Applicant shall provide evidence of how health and safety information e.g., Inductions, Safe Work Procedures (Method Statements, Permits, Safe Plan of Action etc.), is effectively communicated to those carrying out work on site. Maximum number of A4 pages: 4 | C29: Information | D29: Scored (30 marks)
A30: 5.4.1.6 | B30: The Applicant shall provide details of how it communicated with each duty holder (Designer, Project Supervisor Design Process, Project Supervisor Construction Stage and Contractor) and those in operational control of place of work (e.g., plant, factory etc) on previous a project. Please note that details of communication of duty holders in other EU jurisdictions that are equivalent are acceptable. Maximum number of A4 pages: 4 | C30: Information | D30: Scored (30 marks)
A32: LOT 4
A33: Section Number | B33: Question | C33: Response Information | D33: Score/Info | E33: Response
A34: 5.4.1.1 | B34: The Applicant shall provide evidence of a third party accredited Safety Management System e.g. Safe-T-Cert, OHSAS 18001/ISO45001 etc. If it not certified the applicant must provide information on how they implement a Health and Safety Management System. Maximum number of A4 pages: 4 | C34: Information | D34: Scored (30 marks)
A35: 5.4.1.2 | B35: The Applicant shall provide evidence of the company’s process for assessing the competency of : (i) Staff and, (ii) Sub-contractor and (iii) Designers (including Supplier Designers e.g. manhole covers, pre cast chambers etc) Maximum number of A4 pages: 4 | C35: Information | D35: Scored (30 marks)
A36: 5.4.1.3 | B36: The Applicant shall provide its procedure for the company’s process for planning and maintaining all resources required for the project – i.e. Staff, Supervision, Safety Personnel, plant, equipment. IT requirements, materials etc. Maximum number of A4 pages: 2 | C36: Information | D36: Scored (30 marks)
A37: 5.4.1.4 | B37: The Applicant shall provide its procedure for auditing and inspection of Health & Safety performance including its process for ensuring effective close out of items raised. Maximum number of A4 pages: 4 | C37: Information | D37: Scored (30 marks)
A38: 5.4.1.5 | B38: The Applicant shall provide evidence of how health and safety information e.g., Inductions, Safe Work Procedures (Method Statements, Permits, Safe Plan of Action etc.), is effectively communicated to those carrying out work on site. Maximum number of A4 pages: 4 | C38: Information | D38: Scored (30 marks)
A39: 5.4.1.6 | B39: The Applicant shall provide details of how it communicated with each duty holder (Designer, Project Supervisor Design Process, Project Supervisor Construction Stage and Contractor) and those in operational control of place of work (e.g., plant, factory etc) on previous a project. Please note that details of communication of duty holders in other EU jurisdictions that are equivalent are acceptable. Maximum number of A4 pages: 4 | C39: Information | D39: Scored (30 marks)
A41: LOT 5
A42: Section Number | B42: Question | C42: Response Information | D42: Score/Info | E42: Response
A43: 5.4.1.1 | B43: The Applicant shall provide evidence of a third party accredited Safety Management System e.g. Safe-T-Cert, OHSAS 18001/ISO45001 etc. If it not certified the applicant must provide information on how they implement a Health and Safety Management System. Maximum number of A4 pages: 4 | C43: Information | D43: Scored (30 marks)
A44: 5.4.1.2 | B44: The Applicant shall provide evidence of the company’s process for assessing the competency of : (i) Staff and, (ii) Sub-contractor and (iii) Designers (including Supplier Designers e.g. manhole covers, pre cast chambers etc) Maximum number of A4 pages: 4 | C44: Information | D44: Scored (30 marks)
A45: 5.4.1.3 | B45: The Applicant shall provide its procedure for the company’s process for planning and maintaining all resources required for the project – i.e. Staff, Supervision, Safety Personnel, plant, equipment. IT requirements, materials etc. Maximum number of A4 pages: 2 | C45: Information | D45: Scored (20 marks)
A46: 5.4.1.4 | B46: The Applicant shall provide its procedure for auditing and inspection of Health & Safety performance including its process for ensuring effective close out of items raised. Maximum number of A4 pages: 4 | C46: Information | D46: Scored (30 marks)
A47: 5.4.1.5 | B47: The Applicant shall provide evidence of how health and safety information e.g., Inductions, Safe Work Procedures (Method Statements, Permits, Safe Plan of Action etc.), is effectively communicated to those carrying out work on site. Maximum number of A4 pages: 4 | C47: Information | D47: Scored (30 marks)
A48: 5.4.1.6 | B48: The Applicant shall provide details of how it communicated with each duty holder (Designer, Project Supervisor Design Process, Project Supervisor Construction Stage and Contractor) and those in operational control of place of work (e.g., plant, factory etc) on previous a project. Please note that details of communication of duty holders in other EU jurisdictions that are equivalent are acceptable. Maximum number of A4 pages: 4 | C48: Information | D48: Scored (30 marks)
A50: LOT 6
A51: Section Number | B51: Question | C51: Response Information | D51: Score/Info | E51: Response
A52: 5.4.1.1 | B52: The Applicant shall provide evidence of a third party accredited Safety Management System e.g. Safe-T-Cert, OHSAS 18001/ISO45001 etc. If it not certified the applicant must provide information on how they implement a Health and Safety Management System. Maximum number of A4 pages: 4 | C52: Information | D52: Scored (30 marks)
A53: 5.4.1.2 | B53: The Applicant shall provide evidence of the company’s process for assessing the competency of : (i) Staff and, (ii) Sub-contractor and (iii) Designers (including Supplier Designers e.g. manhole covers, pre cast chambers etc) Maximum number of A4 pages: 4 | C53: Information | D53: Scored (30 marks)
A54: 5.4.1.3 | B54: The Applicant shall provide its procedure for the company’s process for planning and maintaining all resources required for the project – i.e. Staff, Supervision, Safety Personnel, plant, equipment. IT requirements, materials etc. Maximum number of A4 pages: 2 | C54: Information | D54: Scored (30 marks)
A55: 5.4.1.4 | B55: The Applicant shall provide its procedure for auditing and inspection of Health & Safety performance including its process for ensuring effective close out of items raised. Maximum number of A4 pages: 4 | C55: Information | D55: Scored (30 marks)
A56: 5.4.1.5 | B56: The Applicant shall provide evidence of how health and safety information e.g., Inductions, Safe Work Procedures (Method Statements, Permits, Safe Plan of Action etc.), is effectively communicated to those carrying out work on site. Maximum number of A4 pages: 4 | C56: Information | D56: Scored (30 marks)
A57: 5.4.1.6 | B57: The Applicant shall provide details of how it communicated with each duty holder (Designer, Project Supervisor Design Process, Project Supervisor Construction Stage and Contractor) and those in operational control of place of work (e.g., plant, factory etc) on previous a project. Please note that details of communication of duty holders in other EU jurisdictions that are equivalent are acceptable. Maximum number of A4 pages: 4 | C57: Information | D57: Scored (30 marks)
A59: LOT 7
A60: Section Number | B60: Question | C60: Response Information | D60: Score/Info | E60: Response
A61: 5.4.1.1 | B61: The Applicant shall provide evidence of a third party accredited Safety Management System e.g. Safe-T-Cert, OHSAS 18001/ISO45001 etc. If it not certified the applicant must provide information on how they implement a Health and Safety Management System. Maximum number of A4 pages: 4 | C61: Information | D61: Scored (30 marks)
A62: 5.4.1.2 | B62: The Applicant shall provide evidence of the company’s process for assessing the competency of : (i) Staff and, (ii) Sub-contractor and (iii) Designers (including Supplier Designers e.g. manhole covers, pre cast chambers etc) Maximum number of A4 pages: 4 | C62: Information | D62: Scored (30 marks)
A63: 5.4.1.3 | B63: The Applicant shall provide its procedure for the company’s process for planning and maintaining all resources required for the project – i.e. Staff, Supervision, Safety Personnel, plant, equipment. IT requirements, materials etc. Maximum number of A4 pages: 2 | C63: Information | D63: Scored (30 marks)
A64: 5.4.1.4 | B64: The Applicant shall provide its procedure for auditing and inspection of Health & Safety performance including its process for ensuring effective close out of items raised. Maximum number of A4 pages: 4 | C64: Information | D64: Scored (30 marks)
A65: 5.4.1.5 | B65: The Applicant shall provide evidence of how health and safety information e.g., Inductions, Safe Work Procedures (Method Statements, Permits, Safe Plan of Action etc.), is effectively communicated to those carrying out work on site. Maximum number of A4 pages: 4 | C65: Information | D65: Scored (30 marks)
A66: 5.4.1.6 | B66: The Applicant shall provide details of how it communicated with each duty holder (Designer, Project Supervisor Design Process, Project Supervisor Construction Stage and Contractor) and those in operational control of place of work (e.g., plant, factory etc) on previous a project. Please note that details of communication of duty holders in other EU jurisdictions that are equivalent are acceptable. Maximum number of A4 pages: 4 | C66: Information | D66: Scored (30 marks)

Sheet 5.4.1.7 - H&S - Contractor
A1: Section 5.4.1.7 - Health & Safety - Contractor | E1: Section Progress
E2: =IFERROR(AA4,0) -> 0
A3: Note: All questions must be answered accurately and concisely, in the format requested. All supporting information requested in this QSQ must be submitted as an attachment to the related question. Only the responses to the questions included in this QSQ and additional information specifically requested will be reviewed. We reserve the right not to review any unrequested information or material included in, attached to or submitted with your QSQ submission. The Minimum Requirements and Pass Fail Criteria are paraphrased in this excel document – the full details are set out in the QSQ word document.
A4: 380 Marks for Lot 1,2,3,5,6,7 and 340 Marks for Lot 4 with a minimum of 60% Pass Mark Per Section | Y4: =SUM(AF7:AF13) -> 0 | Z4: =SUM(AG7:AG13) -> 0 | AA4: =Z4/Y4 -> #DIV/0!
A5: Section Number | B5: Question | C5: Response Information | D5: Score/Info | E5: Method Statement 1 | F5: Method Statement 2 | G5: Method Statement 3
A6: 5.4.1.7 | B6: With reference to the scope of each lot applied for the Applicant shall provide method statement for works previously carried out. The Method Statement must include but is not limited to: I. Method of Work II. Supervision arrangements III. Emergency arrangements IV. Process to follow in the event of change to the works V. Risk assessment section. This section must include control measures and risk methodology i.e., risk assessment using a risk matrix.
B7: Lot 1 - Statutory Inspection, Maintenance, & Repair (incl. Replacement) of Lifting Equipment. Provide minimum of 3 method statements. The scope must include inspection, maintenance, repair and replacement of lifting equipment (fixed and mobile). Risk assessment shall include but not limited to manual handling, use of plant, tools and equipment, slips trips and falls, noise, isolation of hazardous energies (including lock out, tag out), work at height, working in live environment, lifting operations, biological hazards, waste management, process safety etc. | C7: Information | D7: Scored (200 Marks) | W7: {=' Lot Application'!B7:G7} -> 0 | X7: 0 | Y7: 0 | Z7: 0 | AA7: 0 | AB7: 0 | AD7: =W7 -> 0 | AF7: =IF(AD7="Yes",3,0) -> 0 | AG7: =IF(AD7="Yes",COUNTA(E7:G7),0) -> 0
B8: Lot 2 - Statutory Inspection, Maintenance, & Repair (incl. Replacement) of Pressure Vessels. Provide minimum of 3 method statements. The scope must include inspection, maintenance, repair and replacement of pressure vessels. Risk assessment shall include but not limited to manual handling, use of plant, tools and equipment, slips trips and falls, noise, isolation of hazardous energies (including lock out, tag out), work at height, working in live environment, pressure, lifting operations, biological hazards, waste management, process safety etc. | C8: Information | D8: Scored (200 Marks) | W8: {=' Lot Application'!B8:G8} -> 0 | X8: 0 | Y8: 0 | Z8: 0 | AA8: 0 | AB8: 0 | AD8: =W8 -> 0 | AF8: =IF(AD8="Yes",3,0) -> 0 | AG8: =IF(AD8="Yes",COUNTA(E8:G8),0) -> 0
B9: Lot 3 - Statutory Inspection, Maintenance, & Repair (incl. Replacement) of Chemical Tanks. Provide minimum of 3 method statements. The scope must include inspection, maintenance, repair and replacement of chemical tanks and auxiliary equipment. Risk assessment shall include but not limited to manual handling, use of plant, tools and equipment, slips trips and falls, noise, isolation of hazardous energies (including lock out, tag out), work at height, working in live environment, pressure, lifting operations, biological hazards, chemical safety, spills and containment, waste management, integrity/structural safety of tanks, process safety etc. | C9: Information | D9: Scored (200 Marks) | W9: {=' Lot Application'!B9:G9} -> 0 | X9: 0 | Y9: 0 | Z9: 0 | AA9: 0 | AB9: 0 | AD9: =W9 -> 0 | AF9: =IF(AD9="Yes",3,0) -> 0 | AG9: =IF(AD9="Yes",COUNTA(E9:G9),0) -> 0
B10: Lot 4 - Statutory Inspection, Maintenance, & Repair (incl. Replacement) of ATEX Equipment. Including but not limited to: Provide minimum of 3 method statements. The scope must include inspection, maintenance, repair and replacement of ATEX Equipment Risk assessment shall include but not limited to manual handling, use of plant, tools and equipment, slips trips and falls, noise, isolation of hazardous energies (including lock out, tag out), work at height, working in live environment, pressure, control of ignition sources, lifting operations, biological hazards, chemical safety, waste management, working in an ATEX environment, structural safety, process safety etc | C10: Information | D10: Scored (160 Marks) | W10: {=' Lot Application'!B10:G10} -> 0 | X10: 0 | Y10: 0 | Z10: 0 | AA10: 0 | AB10: 0 | AD10: =W10 -> 0 | AF10: =IF(AD10="Yes",3,0) -> 0 | AG10: =IF(AD10="Yes",COUNTA(E10:G10),0) -> 0
B11: Lot 5- Statutory Inspection, Maintenance, & Repair (incl. Replacement) of Low Voltage (LV) Electrical Sites. Provide minimum of 3 method statements. The scope must include inspection, maintenance, repair and replacement low voltage equipment. Risk assessment shall include but not limited to manual handling, use of plant, tools and equipment, slips trips and falls, noise, isolation of hazardous energies (including lock out, tag out), work at height, working in live environment, lifting operations, biological hazards, chemical safety, waste management, process safety etc. | C11: Information | D11: Scored (200 Marks) | W11: {=' Lot Application'!B11:G11} -> 0 | X11: 0 | Y11: 0 | Z11: 0 | AA11: 0 | AB11: 0 | AD11: =W11 -> 0 | AF11: =IF(AD11="Yes",3,0) -> 0 | AG11: =IF(AD11="Yes",COUNTA(E11:G11),0) -> 0
B12: Lot 6 - Statutory Inspection, Maintenance, & Repair (incl. Replacement) of Medium Voltage (MV) Electrical Sites. Provide minimum of 3 method statements. The scope must include inspection, maintenance, repair and replacement medium voltage equipment. Risk assessment shall include but not limited to manual handling, use of plant, tools and equipment, slips trips and falls, noise, isolation of hazardous energies (including lock out, tag out), work at height, working in live environment, lifting operations, biological hazards, chemical safety, waste management, process safety etc | C12: Information | D12: Scored (200 Marks) | W12: {=' Lot Application'!B12:G12} -> 0 | X12: 0 | Y12: 0 | Z12: 0 | AA12: 0 | AB12: 0 | AD12: =W12 -> 0 | AF12: =IF(AD12="Yes",3,0) -> 0 | AG12: =IF(AD12="Yes",COUNTA(E12:G12),0) -> 0
B13: Lot 7 - General - This Lot is included to capture all other Statutory Inspection requirements that may be needed or are yet to be determined. Provide minimum of 3 method statements. The scope must include inspection, maintenance, repair and replacement of water and waste water equipment. Risk assessment shall include but not limited to manual handling, use of plant, tools and equipment, slips trips and falls, noise, isolation of hazardous energies (including lock out, tag out), work at height, working in live environment, lifting operations, biological hazards, chemical safety, waste management, water safety, structural safety, process safety etc. | C13: Information | D13: Scored (200 Marks) | W13: {=' Lot Application'!B13:G13} -> 0 | X13: 0 | Y13: 0 | Z13: 0 | AA13: 0 | AB13: 0 | AD13: =W13 -> 0 | AF13: =IF(AD13="Yes",3,0) -> 0 | AG13: =IF(AD13="Yes",COUNTA(E13:G13),0) -> 0

Sheet 5.4.2 - H&S - Lot 4 only
A1: Section 5.4.2 - Health & Safety - To be completed by Lot 4 only | E1: Section Progress
E2: =AE6 -> 0
A3: Note: All questions must be answered accurately and concisely, in the format requested. All supporting information requested in this QSQ must be submitted as an attachment to the related question. Only the responses to the questions included in this QSQ and additional information specifically requested will be reviewed. We reserve the right not to review any unrequested information or material included in, attached to or submitted with your QSQ submission. The Minimum Requirements and Pass Fail Criteria are paraphrased in this excel document – the full details are set out in the QSQ word document.
A4: To be completed by lot 4 only.
A5: Section Number | B5: Question | C5: Response Information | D5: Score/Info | E5: Response
A6: 5.4.2 | B6: Using Appendix 5 the Applicant shall provide details of the person or persons being proposed to be principally responsible as competent person proposed to carrying out EX inspections, verification or repair. This shall include but not limited to COMPEX EX 01—04 for gas and vapours, EX05-06 for dust and fibres for electrical equipment. and COMPEX Ex11 for Mechanical EX rated equipment. The role profile shall demonstrate the relevant training, knowledge and experience to carry out the role. | C6: Information | D6: Scored (40 Marks) | W6: {=' Lot Application'!B10:G10} -> 0 | X6: 0 | Y6: 0 | Z6: 0 | AA6: 0 | AB6: 0 | AD6: =W6 -> 0 | AE6: =IF(AD6="Yes",COUNTA(E6)/1,IF(AD6="No",1,0)) -> 0

Sheet 5.4.3 - H&S - PSCS
A1: Section 5.4.3 - Health & Safety - Project Supervisor Construction Stage | E1: Section Progress
E2: =IFERROR(X3,0) -> 0
A3: Note: All questions must be answered accurately and concisely, in the format requested. All supporting information requested in this QSQ must be submitted as an attachment to the related question. Only the responses to the questions included in this QSQ and additional information specifically requested will be reviewed. We reserve the right not to review any unrequested information or material included in, attached to or submitted with your QSQ submission. The Minimum Requirements and Pass Fail Criteria are paraphrased in this excel document – the full details are set out in the QSQ word document. | U3: =SUM(AA4:AA10) -> 0 | V3: =SUM(AB4:AB10) -> 0 | X3: =V3/U3 -> #DIV/0!
A4: To be completed by the entity applying for the role of Project Supervisor Construction Stage for each Lot applied (80 Marks Total per Lot with a 60% Pass Mark per Section Required) | S4: {=' Lot Application'!B7:G7} -> 0 | T4: 0 | U4: 0 | V4: 0 | W4: 0 | X4: 0 | Z4: =S4 -> 0 | AA4: =IF(Z4="Yes",6,0) -> 0 | AB4: =IF(Z4="Yes",COUNTA(E8:G11),0) -> 0
A5: LOT 1 | S5: {=' Lot Application'!B8:G8} -> 0 | T5: 0 | U5: 0 | V5: 0 | W5: 0 | X5: 0 | Z5: =S5 -> 0 | AA5: =IF(Z5="Yes",6,0) -> 0 | AB5: =IF(Z5="Yes",COUNTA(E17:G20),0) -> 0
A6: Section Number | B6: Question | C6: Response Information | D6: Score/Info | E6: Response | S6: {=' Lot Application'!B9:G9} -> 0 | T6: 0 | U6: 0 | V6: 0 | W6: 0 | X6: 0 | Z6: =S6 -> 0 | AA6: =IF(Z6="Yes",6,0) -> 0 | AB6: =IF(Z6="Yes",COUNTA(E26:G29),0) -> 0
E7: Project 1 | F7: Project 2 | G7: Project 3 | S7: {=' Lot Application'!B10:G10} -> 0 | T7: 0 | U7: 0 | V7: 0 | W7: 0 | X7: 0 | Z7: =S7 -> 0 | AA7: =IF(Z7="Yes",6,0) -> 0 | AB7: =IF(Z7="Yes",COUNTA(E35:G38),0) -> 0
A8: 5.4.3.1 | B8: Using Appendix 4 the entity applying to the role of Project Supervisor Construction Stage shall provide details of 3 previous projects the entity was appointed as Project Supervisor Construction Stage. The scope of the project should align to the scope of the lot being applied for. | C8: Information | D8: Scored (20 marks) | S8: {=' Lot Application'!B11:G11} -> 0 | T8: 0 | U8: 0 | V8: 0 | W8: 0 | X8: 0 | Z8: =S8 -> 0 | AA8: =IF(Z8="Yes",6,0) -> 0 | AB8: =IF(Z8="Yes",COUNTA(E44:G47),0) -> 0
A9: 5.4.3.1.a | B9: With reference to one of the projects proposed the Applicant shall provide details of how they supervised, managed and coordinated the implementation of safe working procedures. Maximum number of A4 pages: 4 | C9: Information | D9: Scored (20 marks) | S9: {=' Lot Application'!B12:G12} -> 0 | T9: 0 | U9: 0 | V9: 0 | W9: 0 | X9: 0 | Z9: =S9 -> 0 | AA9: =IF(Z9="Yes",6,0) -> 0 | AB9: =IF(Z9="Yes",COUNTA(E53:G56),0) -> 0
A10: 5.4.3.1.b | B10: With reference to one of the projects proposed the Applicant shall provide an example of a previous (Construction Stage) Safety and Health Plan (as required under Regulation 16 of the Safety Health and Welfare at Work (Construction) Regulations (Safety and Health Plans from other EU jurisdictions that are equivalent are acceptable) | C10: Information | D10: Scored (20 marks) | S10: {=' Lot Application'!B13:G13} -> 0 | T10: 0 | U10: 0 | V10: 0 | W10: 0 | X10: 0 | Z10: =S10 -> 0 | AA10: =IF(Z10="Yes",6,0) -> 0 | AB10: =IF(Z10="Yes",COUNTA(E62:G65),0) -> 0
A11: 5.4.3.2 | B11: Using Appendix 5 the Applicant shall provide details of the person being proposed to be principally responsible for undertaking the duties of PSCS. This shall include a role profile demonstrating the relevant training, knowledge and experience to carry out the role. Maximum number of A4 pages: 2 | C11: Information | D11: Scored (20 marks)
A12: Please note where utilising a third party the Applicant must provide a letter of commitment for the duration of tender. Any changes thereafter must be notified in writing to the client.
A14: LOT 2
A15: Section Number | B15: Question | C15: Response Information | D15: Score/Info | E15: Response
E16: Project 1 | F16: Project 2 | G16: Project 3
A17: 5.4.3.1 | B17: Using Appendix 4 the entity applying to the role of Project Supervisor Construction Stage shall provide details of 3 previous projects the entity was appointed as Project Supervisor Construction Stage. The scope of the project should align to the scope of the lot being applied for. | C17: Information | D17: Scored (20 marks)
A18: 5.4.3.1.a | B18: With reference to one of the projects proposed the Applicant shall provide details of how they supervised, managed and coordinated the implementation of safe working procedures. Maximum number of A4 pages: 4 | C18: Information | D18: Scored (20 marks)
A19: 5.4.3.1.b | B19: With reference to one of the projects proposed the Applicant shall provide an example of a previous (Construction Stage) Safety and Health Plan (as required under Regulation 16 of the Safety Health and Welfare at Work (Construction) Regulations (Safety and Health Plans from other EU jurisdictions that are equivalent are acceptable) | C19: Information | D19: Scored (20 marks)
A20: 5.4.3.2 | B20: Using Appendix 5 the Applicant shall provide details of the person being proposed to be principally responsible for undertaking the duties of PSCS. This shall include a role profile demonstrating the relevant training, knowledge and experience to carry out the role. Maximum number of A4 pages: 2 | C20: Information | D20: Scored (20 marks)
A21: Please note where utilising a third party the Applicant must provide a letter of commitment for the duration of tender. Any changes thereafter must be notified in writing to the client.
A23: LOT 3
A24: Section Number | B24: Question | C24: Response Information | D24: Score/Info | E24: Response
E25: Project 1 | F25: Project 2 | G25: Project 3
A26: 5.4.3.1 | B26: Using Appendix 4 the entity applying to the role of Project Supervisor Construction Stage shall provide details of 3 previous projects the entity was appointed as Project Supervisor Construction Stage. The scope of the project should align to the scope of the lot being applied for. | C26: Information | D26: Scored (20 marks)
A27: 5.4.3.1.a | B27: With reference to one of the projects proposed the Applicant shall provide details of how they supervised, managed and coordinated the implementation of safe working procedures. Maximum number of A4 pages: 4 | C27: Information | D27: Scored (20 marks)
A28: 5.4.3.1.b | B28: With reference to one of the projects proposed the Applicant shall provide an example of a previous (Construction Stage) Safety and Health Plan (as required under Regulation 16 of the Safety Health and Welfare at Work (Construction) Regulations (Safety and Health Plans from other EU jurisdictions that are equivalent are acceptable) | C28: Information | D28: Scored (20 marks)
A29: 5.4.3.2 | B29: Using Appendix 5 the Applicant shall provide details of the person being proposed to be principally responsible for undertaking the duties of PSCS. This shall include a role profile demonstrating the relevant training, knowledge and experience to carry out the role. Maximum number of A4 pages: 2 | C29: Information | D29: Scored (20 marks)
A30: Please note where utilising a third party the Applicant must provide a letter of commitment for the duration of tender. Any changes thereafter must be notified in writing to the client.
A32: LOT 4
A33: Section Number | B33: Question | C33: Response Information | D33: Score/Info | E33: Response
E34: Project 1 | F34: Project 2 | G34: Project 3
A35: 5.4.3.1 | B35: Using Appendix 4 the entity applying to the role of Project Supervisor Construction Stage shall provide details of 3 previous projects the entity was appointed as Project Supervisor Construction Stage. The scope of the project should align to the scope of the lot being applied for. | C35: Information | D35: Scored (20 marks)
A36: 5.4.3.1.a | B36: With reference to one of the projects proposed the Applicant shall provide details of how they supervised, managed and coordinated the implementation of safe working procedures. Maximum number of A4 pages: 4 | C36: Information | D36: Scored (20 marks)
A37: 5.4.3.1.b | B37: With reference to one of the projects proposed the Applicant shall provide an example of a previous (Construction Stage) Safety and Health Plan (as required under Regulation 16 of the Safety Health and Welfare at Work (Construction) Regulations (Safety and Health Plans from other EU jurisdictions that are equivalent are acceptable) | C37: Information | D37: Scored (20 marks)
A38: 5.4.3.2 | B38: Using Appendix 5 the Applicant shall provide details of the person being proposed to be principally responsible for undertaking the duties of PSCS. This shall include a role profile demonstrating the relevant training, knowledge and experience to carry out the role. Maximum number of A4 pages: 2 | C38: Information | D38: Scored (20 marks)
A39: Please note where utilising a third party the Applicant must provide a letter of commitment for the duration of tender. Any changes thereafter must be notified in writing to the client.
A41: LOT 5
A42: Section Number | B42: Question | C42: Response Information | D42: Score/Info | E42: Response
E43: Project 1 | F43: Project 2 | G43: Project 3
A44: 5.4.3.1 | B44: Using Appendix 4 the entity applying to the role of Project Supervisor Construction Stage shall provide details of 3 previous projects the entity was appointed as Project Supervisor Construction Stage. The scope of the project should align to the scope of the lot being applied for. | C44: Information | D44: Scored (20 marks)
A45: 5.4.3.1.a | B45: With reference to one of the projects proposed the Applicant shall provide details of how they supervised, managed and coordinated the implementation of safe working procedures. Maximum number of A4 pages: 4 | C45: Information | D45: Scored (20 marks)
A46: 5.4.3.1.b | B46: With reference to one of the projects proposed the Applicant shall provide an example of a previous (Construction Stage) Safety and Health Plan (as required under Regulation 16 of the Safety Health and Welfare at Work (Construction) Regulations (Safety and Health Plans from other EU jurisdictions that are equivalent are acceptable) | C46: Information | D46: Scored (20 marks)
A47: 5.4.3.2 | B47: Using Appendix 5 the Applicant shall provide details of the person being proposed to be principally responsible for undertaking the duties of PSCS. This shall include a role profile demonstrating the relevant training, knowledge and experience to carry out the role. Maximum number of A4 pages: 2 | C47: Information | D47: Scored (20 marks)
A48: Please note where utilising a third party the Applicant must provide a letter of commitment for the duration of tender. Any changes thereafter must be notified in writing to the client.
A50: LOT 6
A51: Section Number | B51: Question | C51: Response Information | D51: Score/Info | E51: Response
E52: Project 1 | F52: Project 2 | G52: Project 3
A53: 5.4.3.1 | B53: Using Appendix 4 the entity applying to the role of Project Supervisor Construction Stage shall provide details of 3 previous projects the entity was appointed as Project Supervisor Construction Stage. The scope of the project should align to the scope of the lot being applied for. | C53: Information | D53: Scored (20 marks)
A54: 5.4.3.1.a | B54: With reference to one of the projects proposed the Applicant shall provide details of how they supervised, managed and coordinated the implementation of safe working procedures. Maximum number of A4 pages: 4 | C54: Information | D54: Scored (20 marks)
A55: 5.4.3.1.b | B55: With reference to one of the projects proposed the Applicant shall provide an example of a previous (Construction Stage) Safety and Health Plan (as required under Regulation 16 of the Safety Health and Welfare at Work (Construction) Regulations (Safety and Health Plans from other EU jurisdictions that are equivalent are acceptable) | C55: Information | D55: Scored (20 marks)
A56: 5.4.3.2 | B56: Using Appendix 5 the Applicant shall provide details of the person being proposed to be principally responsible for undertaking the duties of PSCS. This shall include a role profile demonstrating the relevant training, knowledge and experience to carry out the role. Maximum number of A4 pages: 2 | C56: Information | D56: Scored (20 marks)
A57: Please note where utilising a third party the Applicant must provide a letter of commitment for the duration of tender. Any changes thereafter must be notified in writing to the client.
A59: LOT 7
A60: Section Number | B60: Question | C60: Response Information | D60: Score/Info | E60: Response
E61: Project 1 | F61: Project 2 | G61: Project 3
A62: 5.4.3.1 | B62: Using Appendix 4 the entity applying to the role of Project Supervisor Construction Stage shall provide details of 3 previous projects the entity was appointed as Project Supervisor Construction Stage. The scope of the project should align to the scope of the lot being applied for. | C62: Information | D62: Scored (20 marks)
A63: 5.4.3.1.a | B63: With reference to one of the projects proposed the Applicant shall provide details of how they supervised, managed and coordinated the implementation of safe working procedures. Maximum number of A4 pages: 4 | C63: Information | D63: Scored (20 marks)
A64: 5.4.3.1.b | B64: With reference to one of the projects proposed the Applicant shall provide an example of a previous (Construction Stage) Safety and Health Plan (as required under Regulation 16 of the Safety Health and Welfare at Work (Construction) Regulations (Safety and Health Plans from other EU jurisdictions that are equivalent are acceptable) | C64: Information | D64: Scored (20 marks)
A65: 5.4.3.2 | B65: Using Appendix 5 the Applicant shall provide details of the person being proposed to be principally responsible for undertaking the duties of PSCS. This shall include a role profile demonstrating the relevant training, knowledge and experience to carry out the role. Maximum number of A4 pages: 2 | C65: Information | D65: Scored (20 marks)
A66: Please note where utilising a third party the Applicant must provide a letter of commitment for the duration of tender. Any changes thereafter must be notified in writing to the client.

Sheet 5.4.4 - H&S - Designer
A1: Section 5.4.4 - Health & Safety - Designer | E1: Section Progress
E2: =IFERROR(Y3,0) -> 0
A3: Note: All questions must be answered accurately and concisely, in the format requested. All supporting information requested in this QSQ must be submitted as an attachment to the related question. Only the responses to the questions included in this QSQ and additional information specifically requested will be reviewed. We reserve the right not to review any unrequested information or material included in, attached to or submitted with your QSQ submission. The Minimum Requirements and Pass Fail Criteria are paraphrased in this excel document – the full details are set out in the QSQ word document. | W3: =SUM(AE4:AE10) -> 0 | X3: =SUM(AF4:AF10)*-1 -> 0 | Y3: =X3/W3 -> #DIV/0!
A4: To be completed by the entity applying for the role of Designer for each lot applied (80 Marks Total per Lot applied with a 60% Pass Mark per Section Required) | W4: {=' Lot Application'!B7:G7} -> 0 | X4: 0 | Y4: 0 | Z4: 0 | AA4: 0 | AB4: 0 | AD4: =W4 -> 0 | AE4: =IF(AD4="Yes",6,0) -> 0 | AF4: =-IF(AD4="Yes",COUNTA(E8:G11),0) -> 0
A5: LOT 1 | W5: {=' Lot Application'!B8:G8} -> 0 | X5: 0 | Y5: 0 | Z5: 0 | AA5: 0 | AB5: 0 | AD5: =W5 -> 0 | AE5: =IF(AD5="Yes",6,0) -> 0 | AF5: =-IF(AD5="Yes",COUNTA(E17:G20),0) -> 0
A6: Section Number | B6: Question | C6: Response Information | D6: Score/Info | E6: Response | W6: {=' Lot Application'!B9:G9} -> 0 | X6: 0 | Y6: 0 | Z6: 0 | AA6: 0 | AB6: 0 | AD6: =W6 -> 0 | AE6: =IF(AD6="Yes",6,0) -> 0 | AF6: =-IF(AD6="Yes",COUNTA(E26:G29),0) -> 0
E7: Project 1 | F7: Project 2 | G7: Project 3 | W7: {=' Lot Application'!B10:G10} -> 0 | X7: 0 | Y7: 0 | Z7: 0 | AA7: 0 | AB7: 0 | AD7: =W7 -> 0 | AE7: =IF(AD7="Yes",6,0) -> 0 | AF7: =-IF(AD7="Yes",COUNTA(E35:G38),0) -> 0
A8: 5.4.4.1 | B8: Using Appendix 4 the entity applying to the role of Designer shall provide details of 3 previous projects the entity was appointed as Designer. The scope of the project should align to the scope of the lot being applied for. | C8: Information | D8: Scored (20 marks) | W8: {=' Lot Application'!B11:G11} -> 0 | X8: 0 | Y8: 0 | Z8: 0 | AA8: 0 | AB8: 0 | AD8: =W8 -> 0 | AE8: =IF(AD8="Yes",6,0) -> 0 | AF8: =-IF(AD8="Yes",COUNTA(E44:G47),0) -> 0
A9: 5.4.4.1.a | B9: With reference to one of the projects proposed the Applicant shall provide the process that they applied to take account of the General Principles of Prevention, existing safety files and existing health and safety plans to ensure that their designs are safe to construct, maintain, operate and eventually de construct. The General Principles of Prevention are detailed in Schedule 3 of the Safety, Health and Welfare at Work Act 2005. Blank forms/templates will not be accepted as evidence. Maximum number of A4 pages: 4 | C9: Information | D9: Scored (20 marks) | W9: {=' Lot Application'!B12:G12} -> 0 | X9: 0 | Y9: 0 | Z9: 0 | AA9: 0 | AB9: 0 | AD9: =W9 -> 0 | AE9: =IF(AD9="Yes",6,0) -> 0 | AF9: =-IF(AD9="Yes",COUNTA(E53:G56),0) -> 0
A10: 5.4.4.1.b | B10: With reference to one of the projects proposed the Applicant shall provide design risk assessment associated with the preliminary safety and health plan which take into account how the designer took account of principles of prevention, relevant safety health plan and safety files in design of the project. | C10: Information | D10: Scored (20 marks) | W10: {=' Lot Application'!B13:G13} -> 0 | X10: 0 | Y10: 0 | Z10: 0 | AA10: 0 | AB10: 0 | AD10: =W10 -> 0 | AE10: =IF(AD10="Yes",6,0) -> 0 | AF10: =-IF(AD10="Yes",COUNTA(E62:G65),0) -> 0
A11: 5.4.4.2 | B11: Using Appendix 5 the Applicant shall provide details of the person being proposed to be principally responsible for undertaking the duties of Designer. This shall include a role profile demonstrating the relevant training, knowledge, and experience to carry out the role. Maximum number of A4 pages: 2 | C11: Information | D11: Scored (20 marks)
A12: Please note where utilising a third party the Applicant must provide a letter of commitment for the duration of tender. Any changes thereafter must be notified in writing to the client.
A14: LOT 2
A15: Section Number | B15: Question | C15: Response Information | D15: Score/Info | E15: Response
E16: Project 1 | F16: Project 2 | G16: Project 3
A17: 5.4.4.1 | B17: Using Appendix 4 the entity applying to the role of Designer shall provide details of 3 previous projects the entity was appointed as Designer. The scope of the project should align to the scope of the lot being applied for. | C17: Information | D17: Scored (20 marks)
A18: 5.4.4.1.a | B18: With reference to one of the projects proposed the Applicant shall provide the process that they applied to take account of the General Principles of Prevention, existing safety files and existing health and safety plans to ensure that their designs are safe to construct, maintain, operate and eventually de construct. The General Principles of Prevention are detailed in Schedule 3 of the Safety, Health and Welfare at Work Act 2005. Blank forms/templates will not be accepted as evidence. Maximum number of A4 pages: 4 | C18: Information | D18: Scored (20 marks)
A19: 5.4.4.1.b | B19: With reference to one of the projects proposed the Applicant shall provide design risk assessment associated with the preliminary safety and health plan which take into account how the designer took account of principles of prevention, relevant safety health plan and safety files in design of the project. | C19: Information | D19: Scored (20 marks)
A20: 5.4.4.2 | B20: Using Appendix 5 the Applicant shall provide details of the person being proposed to be principally responsible for undertaking the duties of Designer. This shall include a role profile demonstrating the relevant training, knowledge, and experience to carry out the role. Maximum number of A4 pages: 2 | C20: Information | D20: Scored (20 marks)
A21: Please note where utilising a third party the Applicant must provide a letter of commitment for the duration of tender. Any changes thereafter must be notified in writing to the client.
A23: LOT 3
A24: Section Number | B24: Question | C24: Response Information | D24: Score/Info | E24: Response
E25: Project 1 | F25: Project 2 | G25: Project 3
A26: 5.4.4.1 | B26: Using Appendix 4 the entity applying to the role of Designer shall provide details of 3 previous projects the entity was appointed as Designer. The scope of the project should align to the scope of the lot being applied for. | C26: Information | D26: Scored (20 marks)
A27: 5.4.4.1.a | B27: With reference to one of the projects proposed the Applicant shall provide the process that they applied to take account of the General Principles of Prevention, existing safety files and existing health and safety plans to ensure that their designs are safe to construct, maintain, operate and eventually de construct. The General Principles of Prevention are detailed in Schedule 3 of the Safety, Health and Welfare at Work Act 2005. Blank forms/templates will not be accepted as evidence. Maximum number of A4 pages: 4 | C27: Information | D27: Scored (20 marks)
A28: 5.4.4.1.b | B28: With reference to one of the projects proposed the Applicant shall provide design risk assessment associated with the preliminary safety and health plan which take into account how the designer took account of principles of prevention, relevant safety health plan and safety files in design of the project. | C28: Information | D28: Scored (20 marks)
A29: 5.4.4.2 | B29: Using Appendix 5 the Applicant shall provide details of the person being proposed to be principally responsible for undertaking the duties of Designer. This shall include a role profile demonstrating the relevant training, knowledge, and experience to carry out the role. Maximum number of A4 pages: 2 | C29: Information | D29: Scored (20 marks)
A30: Please note where utilising a third party the Applicant must provide a letter of commitment for the duration of tender. Any changes thereafter must be notified in writing to the client.
A32: LOT 4
A33: Section Number | B33: Question | C33: Response Information | D33: Score/Info | E33: Response
E34: Project 1 | F34: Project 2 | G34: Project 3
A35: 5.4.4.1 | B35: Using Appendix 4 the entity applying to the role of Designer shall provide details of 3 previous projects the entity was appointed as Designer. The scope of the project should align to the scope of the lot being applied for. | C35: Information | D35: Scored (20 marks)
A36: 5.4.4.1.a | B36: With reference to one of the projects proposed the Applicant shall provide the process that they applied to take account of the General Principles of Prevention, existing safety files and existing health and safety plans to ensure that their designs are safe to construct, maintain, operate and eventually de construct. The General Principles of Prevention are detailed in Schedule 3 of the Safety, Health and Welfare at Work Act 2005. Blank forms/templates will not be accepted as evidence. Maximum number of A4 pages: 4 | C36: Information | D36: Scored (20 marks)
A37: 5.4.4.1.b | B37: With reference to one of the projects proposed the Applicant shall provide design risk assessment associated with the preliminary safety and health plan which take into account how the designer took account of principles of prevention, relevant safety health plan and safety files in design of the project. | C37: Information | D37: Scored (20 marks)
A38: 5.4.4.2 | B38: Using Appendix 5 the Applicant shall provide details of the person being proposed to be principally responsible for undertaking the duties of Designer. This shall include a role profile demonstrating the relevant training, knowledge, and experience to carry out the role. Maximum number of A4 pages: 2 | C38: Information | D38: Scored (20 marks)
A39: Please note where utilising a third party the Applicant must provide a letter of commitment for the duration of tender. Any changes thereafter must be notified in writing to the client.
A41: LOT 5
A42: Section Number | B42: Question | C42: Response Information | D42: Score/Info | E42: Response
E43: Project 1 | F43: Project 2 | G43: Project 3
A44: 5.4.4.1 | B44: Using Appendix 4 the entity applying to the role of Designer shall provide details of 3 previous projects the entity was appointed as Designer. The scope of the project should align to the scope of the lot being applied for. | C44: Information | D44: Scored (20 marks)
A45: 5.4.4.1.a | B45: With reference to one of the projects proposed the Applicant shall provide the process that they applied to take account of the General Principles of Prevention, existing safety files and existing health and safety plans to ensure that their designs are safe to construct, maintain, operate and eventually de construct. The General Principles of Prevention are detailed in Schedule 3 of the Safety, Health and Welfare at Work Act 2005. Blank forms/templates will not be accepted as evidence. Maximum number of A4 pages: 4 | C45: Information | D45: Scored (20 marks)
A46: 5.4.4.1.b | B46: With reference to one of the projects proposed the Applicant shall provide design risk assessment associated with the preliminary safety and health plan which take into account how the designer took account of principles of prevention, relevant safety health plan and safety files in design of the project. | C46: Information | D46: Scored (20 marks)
A47: 5.4.4.2 | B47: Using Appendix 5 the Applicant shall provide details of the person being proposed to be principally responsible for undertaking the duties of Designer. This shall include a role profile demonstrating the relevant training, knowledge, and experience to carry out the role. Maximum number of A4 pages: 2 | C47: Information | D47: Scored (20 marks)
A48: Please note where utilising a third party the Applicant must provide a letter of commitment for the duration of tender. Any changes thereafter must be notified in writing to the client.
A50: LOT 6
A51: Section Number | B51: Question | C51: Response Information | D51: Score/Info | E51: Response
E52: Project 1 | F52: Project 2 | G52: Project 3
A53: 5.4.4.1 | B53: Using Appendix 4 the entity applying to the role of Designer shall provide details of 3 previous projects the entity was appointed as Designer. The scope of the project should align to the scope of the lot being applied for. | C53: Information | D53: Scored (20 marks)
A54: 5.4.4.1.a | B54: With reference to one of the projects proposed the Applicant shall provide the process that they applied to take account of the General Principles of Prevention, existing safety files and existing health and safety plans to ensure that their designs are safe to construct, maintain, operate and eventually de construct. The General Principles of Prevention are detailed in Schedule 3 of the Safety, Health and Welfare at Work Act 2005. Blank forms/templates will not be accepted as evidence. Maximum number of A4 pages: 4 | C54: Information | D54: Scored (20 marks)
A55: 5.4.4.1.b | B55: With reference to one of the projects proposed the Applicant shall provide design risk assessment associated with the preliminary safety and health plan which take into account how the designer took account of principles of prevention, relevant safety health plan and safety files in design of the project. | C55: Information | D55: Scored (20 marks)
A56: 5.4.4.2 | B56: Using Appendix 5 the Applicant shall provide details of the person being proposed to be principally responsible for undertaking the duties of Designer. This shall include a role profile demonstrating the relevant training, knowledge, and experience to carry out the role. Maximum number of A4 pages: 2 | C56: Information | D56: Scored (20 marks)
A57: Please note where utilising a third party the Applicant must provide a letter of commitment for the duration of tender. Any changes thereafter must be notified in writing to the client.
A59: LOT 7
A60: Section Number | B60: Question | C60: Response Information | D60: Score/Info | E60: Response
E61: Project 1 | F61: Project 2 | G61: Project 3
A62: 5.4.4.1 | B62: Using Appendix 4 the entity applying to the role of Designer shall provide details of 3 previous projects the entity was appointed as Designer. The scope of the project should align to the scope of the lot being applied for. | C62: Information | D62: Scored (20 marks)
A63: 5.4.4.1.a | B63: With reference to one of the projects proposed the Applicant shall provide the process that they applied to take account of the General Principles of Prevention, existing safety files and existing health and safety plans to ensure that their designs are safe to construct, maintain, operate and eventually de construct. The General Principles of Prevention are detailed in Schedule 3 of the Safety, Health and Welfare at Work Act 2005. Blank forms/templates will not be accepted as evidence. Maximum number of A4 pages: 4 | C63: Information | D63: Scored (20 marks)
A64: 5.4.4.1.b | B64: With reference to one of the projects proposed the Applicant shall provide design risk assessment associated with the preliminary safety and health plan which take into account how the designer took account of principles of prevention, relevant safety health plan and safety files in design of the project. | C64: Information | D64: Scored (20 marks)
A65: 5.4.4.2 | B65: Using Appendix 5 the Applicant shall provide details of the person being proposed to be principally responsible for undertaking the duties of Designer. This shall include a role profile demonstrating the relevant training, knowledge, and experience to carry out the role. Maximum number of A4 pages: 2 | C65: Information | D65: Scored (20 marks)
A66: Please note where utilising a third party the Applicant must provide a letter of commitment for the duration of tender. Any changes thereafter must be notified in writing to the client.

Sheet 5.4.5 - H&S - PSDP
A1: Section 5.4.5 - Health & Safety - Project Supervisor Design Process | E1: Section Progress
E2: =IFERROR(Z3,0) -> 0
A3: Note: All questions must be answered accurately and concisely, in the format requested. All supporting information requested in this QSQ must be submitted as an attachment to the related question. Only the responses to the questions included in this QSQ and additional information specifically requested will be reviewed. We reserve the right not to review any unrequested information or material included in, attached to or submitted with your QSQ submission. The Minimum Requirements and Pass Fail Criteria are paraphrased in this excel document – the full details are set out in the QSQ word document. | X3: =SUM(AD4:AD10) -> 0 | Y3: =SUM(AE4:AE10) -> 0 | Z3: =Y3/X3 -> #DIV/0!
A4: To be completed by the entity applying for the role of Project Supervisor Design Process for all Lots applied (100 Marks Total per Lot with a 60% Pass Mark per Section Required) | V4: {=' Lot Application'!B7:G7} -> 0 | W4: 0 | X4: 0 | Y4: 0 | Z4: 0 | AA4: 0 | AC4: =V4 -> 0 | AD4: =IF(AC4="yes",6,0) -> 0 | AE4: =IF(AC4="Yes",COUNTA(E8:G11),0) -> 0
A5: LOT 1 | V5: {=' Lot Application'!B8:G8} -> 0 | W5: 0 | X5: 0 | Y5: 0 | Z5: 0 | AA5: 0 | AC5: =V5 -> 0 | AD5: =IF(AC5="yes",6,0) -> 0 | AE5: =IF(AC5="Yes",COUNTA(E17:G20),0) -> 0
A6: Section Number | B6: Question | C6: Response Information | D6: Score/Info | E6: Response | V6: {=' Lot Application'!B9:G9} -> 0 | W6: 0 | X6: 0 | Y6: 0 | Z6: 0 | AA6: 0 | AC6: =V6 -> 0 | AD6: =IF(AC6="yes",6,0) -> 0 | AE6: =IF(AC6="Yes",COUNTA(E26:G29),0) -> 0
E7: Project 1 | F7: Project 2 | G7: Project 3 | V7: {=' Lot Application'!B10:G10} -> 0 | W7: 0 | X7: 0 | Y7: 0 | Z7: 0 | AA7: 0 | AC7: =V7 -> 0 | AD7: =IF(AC7="yes",6,0) -> 0 | AE7: =IF(AC7="Yes",COUNTA(E35:G38),0) -> 0
A8: 5.4.5.1 | B8: Using Appendix 4 the entity applying to the role of Project Supervisor Design Process shall provide details of 3 previous projects the entity was appointed as Project Supervisor Design Process. The scope of the project should align to the scope of the lot being applied for. | C8: Information | D8: Scored (20 marks) | V8: {=' Lot Application'!B11:G11} -> 0 | W8: 0 | X8: 0 | Y8: 0 | Z8: 0 | AA8: 0 | AC8: =V8 -> 0 | AD8: =IF(AC8="yes",6,0) -> 0 | AE8: =IF(AC8="Yes",COUNTA(E44:G47),0) -> 0
A9: 5.4.5.1.a | B9: With reference to one of the projects proposed the Applicant shall provide i) Details of how they ensured effective coordination of designers (including temporary works designers) during design and construction stage. (20 Marks) ii) Details of how the general principles of prevention were taken into account when deciding on technical and organisational aspects , when planning stages of work which took place simultaneously (20 marks) Maximum number of A4 pages: 4 | C9: Information | D9: Scored (40 marks) | V9: {=' Lot Application'!B12:G12} -> 0 | W9: 0 | X9: 0 | Y9: 0 | Z9: 0 | AA9: 0 | AC9: =V9 -> 0 | AD9: =IF(AC9="yes",6,0) -> 0 | AE9: =IF(AC9="Yes",COUNTA(E53:G56),0) -> 0
A10: 5.4.5.1.b | B10: With reference to one of the projects proposed the Applicant shall provide an example of a previous (Preliminary) Safety and Health Plan (as required under Regulation 12 of the Safety Health and Welfare at Work (Construction) Regulations (Safety and Health Plans from other EU jurisdictions that are equivalent are acceptable). | C10: Information | D10: Scored (20 marks) | V10: {=' Lot Application'!B13:G13} -> 0 | W10: 0 | X10: 0 | Y10: 0 | Z10: 0 | AA10: 0 | AC10: =V10 -> 0 | AD10: =IF(AC10="yes",6,0) -> 0 | AE10: =IF(AC10="Yes",COUNTA(E62:G65),0) -> 0
A11: 5.4.5.2 | B11: Using Appendix 5 the Applicant shall provide details of the person being proposed to be principally responsible for undertaking the duties of Project Supervisor Design Process This shall include a role profile demonstrating the relevant training, knowledge and experience to carry out the role. Maximum number of A4 pages: 2 | C11: Information | D11: Scored (20 marks)
A12: Please note where utilising a third party the Applicant must provide a letter of commitment for the duration of tender. Any changes thereafter must be notified in writing to the client.
A14: LOT 2
A15: Section Number | B15: Question | C15: Response Information | D15: Score/Info | E15: Response
E16: Project 1 | F16: Project 2 | G16: Project 3
A17: 5.4.5.1 | B17: Using Appendix 4 the entity applying to the role of Project Supervisor Design Process shall provide details of 3 previous projects the entity was appointed as Project Supervisor Design Process. The scope of the project should align to the scope of the lot being applied for. | C17: Information | D17: Scored (20 marks)
A18: 5.4.5.1.a | B18: With reference to one of the projects proposed the Applicant shall provide i) Details of how they ensured effective coordination of designers (including temporary works designers) during design and construction stage. (20 Marks) ii) Details of how the general principles of prevention were taken into account when deciding on technical and organisational aspects , when planning stages of work which took place simultaneously (20 marks) Maximum number of A4 pages: 4 | C18: Information | D18: Scored (40 marks)
A19: 5.4.5.1.b | B19: With reference to one of the projects proposed the Applicant shall provide an example of a previous (Preliminary) Safety and Health Plan (as required under Regulation 12 of the Safety Health and Welfare at Work (Construction) Regulations (Safety and Health Plans from other EU jurisdictions that are equivalent are acceptable). | C19: Information | D19: Scored (20 marks)
A20: 5.4.5.2 | B20: Using Appendix 5 the Applicant shall provide details of the person being proposed to be principally responsible for undertaking the duties of Project Supervisor Design Process This shall include a role profile demonstrating the relevant training, knowledge and experience to carry out the role. Maximum number of A4 pages: 2 | C20: Information | D20: Scored (20 marks)
A21: Please note where utilising a third party the Applicant must provide a letter of commitment for the duration of tender. Any changes thereafter must be notified in writing to the client.
A23: LOT 3
A24: Section Number | B24: Question | C24: Response Information | D24: Score/Info | E24: Response
E25: Project 1 | F25: Project 2 | G25: Project 3
A26: 5.4.5.1 | B26: Using Appendix 4 the entity applying to the role of Project Supervisor Design Process shall provide details of 3 previous projects the entity was appointed as Project Supervisor Design Process. The scope of the project should align to the scope of the lot being applied for. | C26: Information | D26: Scored (20 marks) | V26: {=#REF!} -> #REF! | AC26: =V26 -> #REF! | AD26: =IF(AC26="Yes", COUNTA(E26:G29)/6, IF(AC26="No",1,0)) -> #REF!
A27: 5.4.5.1.a | B27: With reference to one of the projects proposed the Applicant shall provide i) Details of how they ensured effective coordination of designers (including temporary works designers) during design and construction stage. (20 Marks) ii) Details of how the general principles of prevention were taken into account when deciding on technical and organisational aspects , when planning stages of work which took place simultaneously (20 marks) Maximum number of A4 pages: 4 | C27: Information | D27: Scored (40 marks)
A28: 5.4.5.1.b | B28: With reference to one of the projects proposed the Applicant shall provide an example of a previous (Preliminary) Safety and Health Plan (as required under Regulation 12 of the Safety Health and Welfare at Work (Construction) Regulations (Safety and Health Plans from other EU jurisdictions that are equivalent are acceptable). | C28: Information | D28: Scored (20 marks)
A29: 5.4.5.2 | B29: Using Appendix 5 the Applicant shall provide details of the person being proposed to be principally responsible for undertaking the duties of Project Supervisor Design Process This shall include a role profile demonstrating the relevant training, knowledge and experience to carry out the role. Maximum number of A4 pages: 2 | C29: Information | D29: Scored (20 marks)
A30: Please note where utilising a third party the Applicant must provide a letter of commitment for the duration of tender. Any changes thereafter must be notified in writing to the client.
A32: LOT 4
A33: Section Number | B33: Question | C33: Response Information | D33: Score/Info | E33: Response
E34: Project 1 | F34: Project 2 | G34: Project 3
A35: 5.4.5.1 | B35: Using Appendix 4 the entity applying to the role of Project Supervisor Design Process shall provide details of 3 previous projects the entity was appointed as Project Supervisor Design Process. The scope of the project should align to the scope of the lot being applied for. | C35: Information | D35: Scored (20 marks) | V35: {=#REF!} -> #REF! | AC35: =V35 -> #REF! | AD35: =IF(AC35="Yes", COUNTA(E35:G38)/6, IF(AC35="No",1,0)) -> #REF!
A36: 5.4.5.1.a | B36: With reference to one of the projects proposed the Applicant shall provide i) Details of how they ensured effective coordination of designers (including temporary works designers) during design and construction stage. (20 Marks) ii) Details of how the general principles of prevention were taken into account when deciding on technical and organisational aspects , when planning stages of work which took place simultaneously (20 marks) Maximum number of A4 pages: 4 | C36: Information | D36: Scored (40 marks)
A37: 5.4.5.1.b | B37: With reference to one of the projects proposed the Applicant shall provide an example of a previous (Preliminary) Safety and Health Plan (as required under Regulation 12 of the Safety Health and Welfare at Work (Construction) Regulations (Safety and Health Plans from other EU jurisdictions that are equivalent are acceptable). | C37: Information | D37: Scored (20 marks)
A38: 5.4.5.2 | B38: Using Appendix 5 the Applicant shall provide details of the person being proposed to be principally responsible for undertaking the duties of Project Supervisor Design Process This shall include a role profile demonstrating the relevant training, knowledge and experience to carry out the role. Maximum number of A4 pages: 2 | C38: Information | D38: Scored (20 marks)
A39: Please note where utilising a third party the Applicant must provide a letter of commitment for the duration of tender. Any changes thereafter must be notified in writing to the client.
A41: LOT 5
A42: Section Number | B42: Question | C42: Response Information | D42: Score/Info | E42: Response
E43: Project 1 | F43: Project 2 | G43: Project 3
A44: 5.4.5.1 | B44: Using Appendix 4 the entity applying to the role of Project Supervisor Design Process shall provide details of 3 previous projects the entity was appointed as Project Supervisor Design Process. The scope of the project should align to the scope of the lot being applied for. | C44: Information | D44: Scored (20 marks) | V44: {=#REF!} -> #REF! | AC44: =V44 -> #REF! | AD44: =IF(AC44="Yes", COUNTA(E44:G47)/6, IF(AC44="No",1,0)) -> #REF!
A45: 5.4.5.1.a | B45: With reference to one of the projects proposed the Applicant shall provide i) Details of how they ensured effective coordination of designers (including temporary works designers) during design and construction stage. (20 Marks) ii) Details of how the general principles of prevention were taken into account when deciding on technical and organisational aspects , when planning stages of work which took place simultaneously (20 marks) Maximum number of A4 pages: 4 | C45: Information | D45: Scored (40 marks)
A46: 5.4.5.1.b | B46: With reference to one of the projects proposed the Applicant shall provide an example of a previous (Preliminary) Safety and Health Plan (as required under Regulation 12 of the Safety Health and Welfare at Work (Construction) Regulations (Safety and Health Plans from other EU jurisdictions that are equivalent are acceptable). | C46: Information | D46: Scored (20 marks)
A47: 5.4.5.2 | B47: Using Appendix 5 the Applicant shall provide details of the person being proposed to be principally responsible for undertaking the duties of Project Supervisor Design Process This shall include a role profile demonstrating the relevant training, knowledge and experience to carry out the role. Maximum number of A4 pages: 2 | C47: Information | D47: Scored (20 marks)
A48: Please note where utilising a third party the Applicant must provide a letter of commitment for the duration of tender. Any changes thereafter must be notified in writing to the client.
A50: LOT 6
A51: Section Number | B51: Question | C51: Response Information | D51: Score/Info | E51: Response
E52: Project 1 | F52: Project 2 | G52: Project 3
A53: 5.4.5.1 | B53: Using Appendix 4 the entity applying to the role of Project Supervisor Design Process shall provide details of 3 previous projects the entity was appointed as Project Supervisor Design Process. The scope of the project should align to the scope of the lot being applied for. | C53: Information | D53: Scored (20 marks) | V53: {=#REF!} -> #REF! | AC53: =V53 -> #REF! | AD53: =IF(AC53="Yes", COUNTA(E53:G56)/6, IF(AC53="No",1,0)) -> #REF!
A54: 5.4.5.1.a | B54: With reference to one of the projects proposed the Applicant shall provide i) Details of how they ensured effective coordination of designers (including temporary works designers) during design and construction stage. (20 Marks) ii) Details of how the general principles of prevention were taken into account when deciding on technical and organisational aspects , when planning stages of work which took place simultaneously (20 marks) Maximum number of A4 pages: 4 | C54: Information | D54: Scored (40 marks)
A55: 5.4.5.1.b | B55: With reference to one of the projects proposed the Applicant shall provide an example of a previous (Preliminary) Safety and Health Plan (as required under Regulation 12 of the Safety Health and Welfare at Work (Construction) Regulations (Safety and Health Plans from other EU jurisdictions that are equivalent are acceptable). | C55: Information | D55: Scored (20 marks)
A56: 5.4.5.2 | B56: Using Appendix 5 the Applicant shall provide details of the person being proposed to be principally responsible for undertaking the duties of Project Supervisor Design Process This shall include a role profile demonstrating the relevant training, knowledge and experience to carry out the role. Maximum number of A4 pages: 2 | C56: Information | D56: Scored (20 marks)
A57: Please note where utilising a third party the Applicant must provide a letter of commitment for the duration of tender. Any changes thereafter must be notified in writing to the client.
A59: LOT 7
A60: Section Number | B60: Question | C60: Response Information | D60: Score/Info | E60: Response
E61: Project 1 | F61: Project 2 | G61: Project 3
A62: 5.4.5.1 | B62: Using Appendix 4 the entity applying to the role of Project Supervisor Design Process shall provide details of 3 previous projects the entity was appointed as Project Supervisor Design Process. The scope of the project should align to the scope of the lot being applied for. | C62: Information | D62: Scored (20 marks) | V62: {=#REF!} -> #REF! | AC62: =V62 -> #REF! | AD62: =IF(AC62="Yes", COUNTA(E62:G65)/6, IF(AC62="No",1,0)) -> #REF!
A63: 5.4.5.1.a | B63: With reference to one of the projects proposed the Applicant shall provide i) Details of how they ensured effective coordination of designers (including temporary works designers) during design and construction stage. (20 Marks) ii) Details of how the general principles of prevention were taken into account when deciding on technical and organisational aspects , when planning stages of work which took place simultaneously (20 marks) Maximum number of A4 pages: 4 | C63: Information | D63: Scored (40 marks)
A64: 5.4.5.1.b | B64: With reference to one of the projects proposed the Applicant shall provide an example of a previous (Preliminary) Safety and Health Plan (as required under Regulation 12 of the Safety Health and Welfare at Work (Construction) Regulations (Safety and Health Plans from other EU jurisdictions that are equivalent are acceptable). | C64: Information | D64: Scored (20 marks)
A65: 5.4.5.2 | B65: Using Appendix 5 the Applicant shall provide details of the person being proposed to be principally responsible for undertaking the duties of Project Supervisor Design Process This shall include a role profile demonstrating the relevant training, knowledge and experience to carry out the role. Maximum number of A4 pages: 2 | C65: Information | D65: Scored (20 marks)
A66: Please note where utilising a third party the Applicant must provide a letter of commitment for the duration of tender. Any changes thereafter must be notified in writing to the client.

Sheet 5.4.6 - H&S - Confined Space 
A1: Section 5.4.6 - Health & Safety - Confined Space Entry | E1: Section Progress
E2: =IFERROR(X3,0) -> 0
A3: Note: All questions must be answered accurately and concisely, in the format requested. All supporting information requested in this QSQ must be submitted as an attachment to the related question. Only the responses to the questions included in this QSQ and additional information specifically requested will be reviewed. We reserve the right not to review any unrequested information or material included in, attached to or submitted with your QSQ submission. The Minimum Requirements and Pass Fail Criteria are paraphrased in this excel document – the full details are set out in the QSQ word document. | V3: =SUM(AB4:AB10) -> 0 | W3: =SUM(AC4:AC10) -> 0 | X3: =W3/V3 -> #DIV/0!
A4: To be completed by those proposing to carryout works in confined spaces for all Lots applied (60 Marks Total per Lot with a 60% Pass Mark per Section Required) | T4: {=' Lot Application'!B7:G7} -> 0 | U4: 0 | V4: 0 | W4: 0 | X4: 0 | Y4: 0 | AA4: =T4 -> 0 | AB4: =IF(AA4="Yes",5,0) -> 0 | AC4: =IF(AA4="Yes",COUNTA(E8:G10),0) -> 0
A5: LOT 1 | T5: {=' Lot Application'!B8:G8} -> 0 | U5: 0 | V5: 0 | W5: 0 | X5: 0 | Y5: 0 | AA5: =T5 -> 0 | AB5: =IF(AA5="Yes",5,0) -> 0 | AC5: =IF(AA5="Yes",COUNTA(E16:G18),0) -> 0
A6: Section Number | B6: Question | C6: Response Information | D6: Score/Info | E6: Response | T6: {=' Lot Application'!B9:G9} -> 0 | U6: 0 | V6: 0 | W6: 0 | X6: 0 | Y6: 0 | AA6: =T6 -> 0 | AB6: =IF(AA6="Yes",5,0) -> 0 | AC6: =IF(AA6="Yes",COUNTA(E24:G26),0) -> 0
E7: Project 1 | F7: Project 2 | G7: Project 3 | T7: {=' Lot Application'!B10:G10} -> 0 | U7: 0 | V7: 0 | W7: 0 | X7: 0 | Y7: 0 | AA7: =T7 -> 0 | AB7: =IF(AA7="Yes",5,0) -> 0 | AC7: =IF(AA7="Yes",COUNTA(E32:G34),0) -> 0
A8: 5.4.6.1 | B8: Using Appendix 4 the entity shall provide details of 3 previous projects the entity carried out Confined Space Entry. At least two of the projects provided must be medium or high risk confined space. The scope of the project should align to the scope of the lot being applied for. | C8: Information | D8: Scored (10 marks) | T8: {=' Lot Application'!B11:G11} -> 0 | U8: 0 | V8: 0 | W8: 0 | X8: 0 | Y8: 0 | AA8: =T8 -> 0 | AB8: =IF(AA8="Yes",5,0) -> 0 | AC8: =IF(AA8="Yes",COUNTA(E40:G42),0) -> 0
A9: 5.4.6.1.a | B9: The Applicant shall, for each of the subsections below provide specific examples to demonstrate that the Applicant managed its obligations in relation to confined space entry on one of the reference projects. i) How they identified the confined space ii) Managed the hazards in relation to Confined Space Entry i.e. Risk Assessments, Code of practice iii) A copy of a completed confined space entry permit | C9: Information | D9: Scored (30 marks) | T9: {=' Lot Application'!B12:G12} -> 0 | U9: 0 | V9: 0 | W9: 0 | X9: 0 | Y9: 0 | AA9: =T9 -> 0 | AB9: =IF(AA9="Yes",5,0) -> 0 | AC9: =IF(AA9="Yes",COUNTA(E48:G50),0) -> 0
A10: 5.4.6.1.b | B10: Using Appendix 5 the Applicant shall provide details of the person being proposed to be principally responsible for management of confined space entry works. This shall include a role profile demonstrating the relevant training, knowledge, and experience to carry out the role. Maximum number of A4 pages: 2 | C10: Information | D10: Scored (20 marks) | T10: {=' Lot Application'!B13:G13} -> 0 | U10: 0 | V10: 0 | W10: 0 | X10: 0 | Y10: 0 | AA10: =T10 -> 0 | AB10: =IF(AA10="Yes",5,0) -> 0 | AC10: =IF(AA10="Yes",COUNTA(E56:G58),0) -> 0
A11: Please note where utilising a third party the Applicant must provide a letter of commitment for the duration of tender. Any changes thereafter must be notified in writing to the client.
A13: LOT 2
A14: Section Number | B14: Question | C14: Response Information | D14: Score/Info | E14: Response
E15: Project 1 | F15: Project 2 | G15: Project 3
A16: 5.4.6.1 | B16: Using Appendix 4 the entity shall provide details of 3 previous projects the entity carried out Confined Space Entry. At least two of the projects provided must be medium or high risk confined space. The scope of the project should align to the scope of the lot being applied for. | C16: Information | D16: Scored (10 marks)
A17: 5.4.6.1.a | B17: The Applicant shall, for each of the subsections below provide specific examples to demonstrate that the Applicant managed its obligations in relation to confined space entry on one of the reference projects. i) How they identified the confined space ii) Managed the hazards in relation to Confined Space Entry i.e. Risk Assessments, Code of practice iii) A copy of a completed confined space entry permit | C17: Information | D17: Scored (30 marks) | U17: {=#REF!} -> #REF! | AB17: =U17 -> #REF! | AC17: =IF(AB17="Yes", COUNTA(E16:G18)/5, IF(AB17="No",1,0)) -> #REF!
A18: 5.4.6.1.b | B18: Using Appendix 5 the Applicant shall provide details of the person being proposed to be principally responsible for management of confined space entry works. This shall include a role profile demonstrating the relevant training, knowledge, and experience to carry out the role. Maximum number of A4 pages: 2 | C18: Information | D18: Scored (20 marks)
A19: Please note where utilising a third party the Applicant must provide a letter of commitment for the duration of tender. Any changes thereafter must be notified in writing to the client.
A21: LOT 3
A22: Section Number | B22: Question | C22: Response Information | D22: Score/Info | E22: Response
E23: Project 1 | F23: Project 2 | G23: Project 3
A24: 5.4.6.1 | B24: Using Appendix 4 the entity shall provide details of 3 previous projects the entity carried out Confined Space Entry. At least two of the projects provided must be medium or high risk confined space. The scope of the project should align to the scope of the lot being applied for. | C24: Information | D24: Scored (10 marks)
A25: 5.4.6.1.a | B25: The Applicant shall, for each of the subsections below provide specific examples to demonstrate that the Applicant managed its obligations in relation to confined space entry on one of the reference projects. i) How they identified the confined space ii) Managed the hazards in relation to Confined Space Entry i.e. Risk Assessments, Code of practice iii) A copy of a completed confined space entry permit | C25: Information | D25: Scored (30 marks) | U25: {=#REF!} -> #REF! | AB25: =U25 -> #REF! | AC25: =IF(AB25="Yes", COUNTA(E24:G26)/5, IF(AB25="No",1,0)) -> #REF!
A26: 5.4.6.1.b | B26: Using Appendix 5 the Applicant shall provide details of the person being proposed to be principally responsible for management of confined space entry works. This shall include a role profile demonstrating the relevant training, knowledge, and experience to carry out the role. Maximum number of A4 pages: 2 | C26: Information | D26: Scored (20 marks)
A27: Please note where utilising a third party the Applicant must provide a letter of commitment for the duration of tender. Any changes thereafter must be notified in writing to the client.
A29: LOT 4
A30: Section Number | B30: Question | C30: Response Information | D30: Score/Info | E30: Response
E31: Project 1 | F31: Project 2 | G31: Project 3
A32: 5.4.6.1 | B32: Using Appendix 4 the entity shall provide details of 3 previous projects the entity carried out Confined Space Entry. At least two of the projects provided must be medium or high risk confined space. The scope of the project should align to the scope of the lot being applied for. | C32: Information | D32: Scored (10 marks)
A33: 5.4.6.1.a | B33: The Applicant shall, for each of the subsections below provide specific examples to demonstrate that the Applicant managed its obligations in relation to confined space entry on one of the reference projects. i) How they identified the confined space ii) Managed the hazards in relation to Confined Space Entry i.e. Risk Assessments, Code of practice iii) A copy of a completed confined space entry permit | C33: Information | D33: Scored (30 marks) | U33: {=#REF!} -> #REF! | AB33: =U33 -> #REF! | AC33: =IF(AB33="Yes", COUNTA(E32:G34)/5, IF(AB33="No",1,0)) -> #REF!
A34: 5.4.6.1.b | B34: Using Appendix 5 the Applicant shall provide details of the person being proposed to be principally responsible for management of confined space entry works. This shall include a role profile demonstrating the relevant training, knowledge, and experience to carry out the role. Maximum number of A4 pages: 2 | C34: Information | D34: Scored (20 marks)
A35: Please note where utilising a third party the Applicant must provide a letter of commitment for the duration of tender. Any changes thereafter must be notified in writing to the client.
A37: LOT 5
A38: Section Number | B38: Question | C38: Response Information | D38: Score/Info | E38: Response
E39: Project 1 | F39: Project 2 | G39: Project 3
A40: 5.4.6.1 | B40: Using Appendix 4 the entity shall provide details of 3 previous projects the entity carried out Confined Space Entry. At least two of the projects provided must be medium or high risk confined space. The scope of the project should align to the scope of the lot being applied for. | C40: Information | D40: Scored (10 marks)
A41: 5.4.6.1.a | B41: The Applicant shall, for each of the subsections below provide specific examples to demonstrate that the Applicant managed its obligations in relation to confined space entry on one of the reference projects. i) How they identified the confined space ii) Managed the hazards in relation to Confined Space Entry i.e. Risk Assessments, Code of practice iii) A copy of a completed confined space entry permit | C41: Information | D41: Scored (30 marks) | U41: {=#REF!} -> #REF! | AB41: =U41 -> #REF! | AC41: =IF(AB41="Yes", COUNTA(E40:G42)/5, IF(AB41="No",1,0)) -> #REF!
A42: 5.4.6.1.b | B42: Using Appendix 5 the Applicant shall provide details of the person being proposed to be principally responsible for management of confined space entry works. This shall include a role profile demonstrating the relevant training, knowledge, and experience to carry out the role. Maximum number of A4 pages: 2 | C42: Information | D42: Scored (20 marks)
A43: Please note where utilising a third party the Applicant must provide a letter of commitment for the duration of tender. Any changes thereafter must be notified in writing to the client.
A45: LOT 6
A46: Section Number | B46: Question | C46: Response Information | D46: Score/Info | E46: Response
E47: Project 1 | F47: Project 2 | G47: Project 3
A48: 5.4.6.1 | B48: Using Appendix 4 the entity shall provide details of 3 previous projects the entity carried out Confined Space Entry. At least two of the projects provided must be medium or high risk confined space. The scope of the project should align to the scope of the lot being applied for. | C48: Information | D48: Scored (10 marks)
A49: 5.4.6.1.a | B49: The Applicant shall, for each of the subsections below provide specific examples to demonstrate that the Applicant managed its obligations in relation to confined space entry on one of the reference projects. i) How they identified the confined space ii) Managed the hazards in relation to Confined Space Entry i.e. Risk Assessments, Code of practice iii) A copy of a completed confined space entry permit | C49: Information | D49: Scored (30 marks) | U49: {=#REF!} -> #REF! | AB49: =U49 -> #REF! | AC49: =IF(AB49="Yes", COUNTA(E48:G50)/5, IF(AB49="No",1,0)) -> #REF!
A50: 5.4.6.1.b | B50: Using Appendix 5 the Applicant shall provide details of the person being proposed to be principally responsible for management of confined space entry works. This shall include a role profile demonstrating the relevant training, knowledge, and experience to carry out the role. Maximum number of A4 pages: 2 | C50: Information | D50: Scored (20 marks)
A51: Please note where utilising a third party the Applicant must provide a letter of commitment for the duration of tender. Any changes thereafter must be notified in writing to the client.
A53: LOT 7
A54: Section Number | B54: Question | C54: Response Information | D54: Score/Info | E54: Response
E55: Project 1 | F55: Project 2 | G55: Project 3
A56: 5.4.6.1 | B56: Using Appendix 4 the entity shall provide details of 3 previous projects the entity carried out Confined Space Entry. At least two of the projects provided must be medium or high risk confined space. The scope of the project should align to the scope of the lot being applied for. | C56: Information | D56: Scored (10 marks)
A57: 5.4.6.1.a | B57: The Applicant shall, for each of the subsections below provide specific examples to demonstrate that the Applicant managed its obligations in relation to confined space entry on one of the reference projects. i) How they identified the confined space ii) Managed the hazards in relation to Confined Space Entry i.e. Risk Assessments, Code of practice iii) A copy of a completed confined space entry permit | C57: Information | D57: Scored (30 marks) | U57: {=#REF!} -> #REF! | AB57: =U57 -> #REF! | AC57: =IF(AB57="Yes", COUNTA(E56:G58)/5, IF(AB57="No",1,0)) -> #REF!
A58: 5.4.6.1.b | B58: Using Appendix 5 the Applicant shall provide details of the person being proposed to be principally responsible for management of confined space entry works. This shall include a role profile demonstrating the relevant training, knowledge, and experience to carry out the role. Maximum number of A4 pages: 2 | C58: Information | D58: Scored (20 marks)
A59: Please note where utilising a third party the Applicant must provide a letter of commitment for the duration of tender. Any changes thereafter must be notified in writing to the client.

Sheet 5.5 - Quality Assurance
A1: Section 5.5 - Quality Assurance | E1: Section Progress | X1: Total | Y1: Complete | Z1: %
E2: =Z2 -> 0 | X2: 4 | Y2: =COUNTA(E6:H9) -> 0 | Z2: =Y2/X2 -> 0
A3: Note: All questions must be answered accurately and concisely, in the format requested. All supporting information requested in this QSQ must be submitted as an attachment to the related question. Only the responses to the questions included in this QSQ and additional information specifically requested will be reviewed. We reserve the right not to review any unrequested information or material included in, attached to or submitted with your QSQ submission. The Minimum Requirements and Pass Fail Criteria are paraphrased in this excel document – the full details are set out in the QSQ word document.
A4: All Lots 200 marks with a minimum 50% pass mark overall
A5: Section Number | B5: Question | C5: Response Information | D5: Score/Info | E5: Response
A6: 5.5.1 | B6: The Applicant shall provide documented evidence of how they manage and ensure quality of services and products provided through this tender. Please state what quality assurance systems, processes and/or procedures the applicant has in place, including brief description of each. Note: If the applicant is accredited to a Management system (i.e. ISO9001 or equivalent), the applicant shall also provide a copy of the certification (as an appendix), inlcuding the scope of the applicable areas. Maximum number of A4 pages - 6 | C6: Information | D6: Scored (50 marks)
A7: 5.5.2 | B7: Provide details of the qualitative and quantitative metrics and targets the applicant has previusoly utilised to measure their quality performance related to the services and products provided on previous contracts of similar scope as outlined in section A4. Detail how these metrics were monitored and communicated. Maximum number of A4 pages - 4 | C7: Information | D7: Scored (50 marks)
A8: 5.5.3 | B8: Please provide details (including process/ procedures in place) on how the Applicant has previously identified and dealt with potential quality issues, and/ or non- conformances identified in relation to the services and products similar in scope as outlined in section A4, including quality issues raised by previous contracts, and how they were investigated and dealt with in a timely manner Maximum number of A4 pages - 4 | C8: Information | D8: Scored (50 marks)
A9: 5.5.4 | B9: What steps did you take to proactively ensure the quality of service delivery and how did you strive to improve the quality over the term of a previous contract. Maximum number of A4 pages - 2 | C9: Information | D9: Scored (50 marks)

Sheet 5.5.3 - Sustainability
A1: Section 5.5.3 - Sustainability | G1: Section Progress | Z1: Total | AA1: Complete | AB1: %
G2: =IFERROR(COUNTA(F6:F17,G6:J17)/(2*COUNTA(D6:D17)),0) -> 0 | Z2: 1 | AA2: =COUNTA(G6:J6) -> 0 | AB2: =AA2/Z2 -> 0
A3: Note: All questions must be answered accurately and concisely, in the format requested. All supporting information requested in this QSQ must be submitted as an attachment to the related question. Only the responses to the questions included in this QSQ and additional information specifically requested will be reviewed. We reserve the right not to review any unrequested information or material included in, attached to or submitted with your QSQ submission. The Minimum Requirements and Pass Fail Criteria are paraphrased in this excel document – the full details are set out in the QSQ word document. | K3: Internal Use Only - Columns to be locked
A4: All Lots 200 marks with a minimum of 50% pass mark overall
A5: Section Number | B5: Area | C5: Question | D5: Response Information | E5: Max. Score | F5: Answer | G5: Evidence (Maximum 200 characters) | K5: Score for response (Max 25% of Max Score) | L5: Score for response (Max. 75% of Max Score) | M5: Question Score Total | N5: % Score of the Question (Repsonse + Evidence) | O5: Evaluation of Question | P5: Comments
A6: 5.5.3.1 | B6: Climate Action | C6: Has your organisation set a Net Zero target, which requires companies to achieve deep decarbonization of 90-95%? | D6: Yes/Partial/No & Information | E6: 20 | K6: =IF(F6="Yes", 0.25*E6, IF(F6="No", 0, IF(F6="Partial", 0.15*E6, "No response"))) -> No response | M6: =IF(F6="No",0,((L6+K6))) -> #VALUE! | N6: =M6/E6 -> #VALUE! | O6: =IF(N6>=90%,"Excellent",IF(N6>=70%,"Above Average",IF(N6>=50%,"Average",IF(N6>=30%,"Below Average",IF(N6>=11%,"A Poor Repsonse","Failed to answer the question"))))) -> #VALUE!
A7: 5.5.3.2 | B7: Climate Action | C7: Are you subscribed to any external verification or certification process to achieving Net Zero? (e.g. SBTI) | D7: Yes/Partial/No & Information | E7: 20 | K7: =IF(F7="Yes", 0.25*E7, IF(F7="No", 0, IF(F7="Partial", 0.15*E7, "No response"))) -> No response | M7: =IF(F7="No",0,((L7+K7))) -> #VALUE! | N7: =M7/E7 -> #VALUE! | O7: =IF(N7>=90%,"Excellent",IF(N7>=70%,"Above Average",IF(N7>=50%,"Average",IF(N7>=30%,"Below Average",IF(N7>=11%,"A Poor Repsonse","Failed to answer the question"))))) -> #VALUE!
A8: 5.5.3.3 | B8: Carbon management | C8: Does your company have project specific methodology for implementing low carbon management practices? | D8: Yes/Partial/No & Information | E8: 20 | K8: =IF(F8="Yes", 0.25*E8, IF(F8="No", 0, IF(F8="Partial", 0.15*E8, "No response"))) -> No response | M8: =IF(F8="No",0,((L8+K8))) -> #VALUE! | N8: =M8/E8 -> #VALUE! | O8: =IF(N8>=90%,"Excellent",IF(N8>=70%,"Above Average",IF(N8>=50%,"Average",IF(N8>=30%,"Below Average",IF(N8>=11%,"A Poor Repsonse","Failed to answer the question"))))) -> #VALUE!
A9: 5.5.3.4 | B9: Transport | C9: Has your company taken to ensure optimisation of transport efficiencies and incorporation of electric vehicles? | D9: Yes/Partial/No & Information | E9: 20 | K9: =IF(F9="Yes", 0.25*E9, IF(F9="No", 0, IF(F9="Partial", 0.15*E9, "No response"))) -> No response | M9: =IF(F9="No",0,((L9+K9))) -> #VALUE! | N9: =M9/E9 -> #VALUE! | O9: =IF(N9>=90%,"Excellent",IF(N9>=70%,"Above Average",IF(N9>=50%,"Average",IF(N9>=30%,"Below Average",IF(N9>=11%,"A Poor Repsonse","Failed to answer the question"))))) -> #VALUE!
A10: 5.5.3.5 | B10: Diversity, Inclusion and building a sustainable talent pool | C10: Does your organisation have policies to promote diversity and inclusion along with building a sustainable talent pool including training and capacity building within the workforce? | D10: Yes/Partial/No & Information | E10: 20 | K10: =IF(F10="Yes", 0.25*E10, IF(F10="No", 0, IF(F10="Partial", 0.15*E10, "No response"))) -> No response | M10: =IF(F10="No",0,((L10+K10))) -> #VALUE! | N10: =M10/E10 -> #VALUE! | O10: =IF(N10>=90%,"Excellent",IF(N10>=70%,"Above Average",IF(N10>=50%,"Average",IF(N10>=30%,"Below Average",IF(N10>=11%,"A Poor Repsonse","Failed to answer the question"))))) -> #VALUE!
A11: 5.5.3.6 | B11: Diversity, Inclusion and building a sustainable talent pool | C11: Does your organisation have any programmes developed specifically to attract and develop talent from underrepresented minority groups? | D11: Yes/Partial/No & Information | E11: 16 | K11: =IF(F11="Yes", 0.25*E11, IF(F11="No", 0, IF(F11="Partial", 0.15*E11, "No response"))) -> No response | M11: =IF(F11="No",0,((L11+K11))) -> #VALUE! | N11: =M11/E11 -> #VALUE! | O11: =IF(N11>=90%,"Excellent",IF(N11>=70%,"Above Average",IF(N11>=50%,"Average",IF(N11>=30%,"Below Average",IF(N11>=11%,"A Poor Repsonse","Failed to answer the question"))))) -> #VALUE!
A12: 5.5.3.7 | B12: Fair work practices | C12: Does your organisation have policies and programmes in place to support and track Fair Work practices for workers (including any agency or sub-contractor workers)? | D12: Yes/Partial/No & Information | E12: 14 | K12: =IF(F12="Yes", 0.25*E12, IF(F12="No", 0, IF(F12="Partial", 0.15*E12, "No response"))) -> No response | M12: =IF(F12="No",0,((L12+K12))) -> #VALUE! | N12: =M12/E12 -> #VALUE! | O12: =IF(N12>=90%,"Excellent",IF(N12>=70%,"Above Average",IF(N12>=50%,"Average",IF(N12>=30%,"Below Average",IF(N12>=11%,"A Poor Repsonse","Failed to answer the question"))))) -> #VALUE!
A13: 5.5.3.8 | B13: Health & Wellbeing | C13: Does your company have a policy in place to promote the health and wellbeing of staff and stakeholders? | D13: Yes/Partial/No & Information | E13: 14 | K13: =IF(F13="Yes", 0.25*E13, IF(F13="No", 0, IF(F13="Partial", 0.15*E13, "No response"))) -> No response | M13: =IF(F13="No",0,((L13+K13))) -> #VALUE! | N13: =M13/E13 -> #VALUE! | O13: =IF(N13>=90%,"Excellent",IF(N13>=70%,"Above Average",IF(N13>=50%,"Average",IF(N13>=30%,"Below Average",IF(N13>=11%,"A Poor Repsonse","Failed to answer the question"))))) -> #VALUE!
A14: 5.5.3.9 | B14: Circular economy | C14: Has your organisation developed circular economy targets and measures for resource reuse and waste minimisation? | D14: Yes/Partial/No & Information | E14: 14 | K14: =IF(F14="Yes", 0.25*E14, IF(F14="No", 0, IF(F14="Partial", 0.15*E14, "No response"))) -> No response | M14: =IF(F14="No",0,((L14+K14))) -> #VALUE! | N14: =M14/E14 -> #VALUE! | O14: =IF(N14>=90%,"Excellent",IF(N14>=70%,"Above Average",IF(N14>=50%,"Average",IF(N14>=30%,"Below Average",IF(N14>=11%,"A Poor Repsonse","Failed to answer the question"))))) -> #VALUE!
A15: 5.5.3.10 | B15: Water conservation | C15: Has your organisation committed to or implemented water conservation management and establish reduction goals? | D15: Yes/Partial/No & Information | E15: 14 | K15: =IF(F15="Yes", 0.25*E15, IF(F15="No", 0, IF(F15="Partial", 0.15*E15, "No response"))) -> No response | M15: =IF(F15="No",0,((L15+K15))) -> #VALUE! | N15: =M15/E15 -> #VALUE! | O15: =IF(N15>=90%,"Excellent",IF(N15>=70%,"Above Average",IF(N15>=50%,"Average",IF(N15>=30%,"Below Average",IF(N15>=11%,"A Poor Repsonse","Failed to answer the question"))))) -> #VALUE!
A16: 5.5.3.11 | B16: Sustainable Supply Chain | C16: Does your organisation have a policy in place to promote, benchmark, and track sustainability, including ethical & responsible sourcing of materials and resources? | D16: Yes/Partial/No & Information | E16: 14 | K16: =IF(F16="Yes", 0.25*E16, IF(F16="No", 0, IF(F16="Partial", 0.15*E16, "No response"))) -> No response | M16: =IF(F16="No",0,((L16+K16))) -> #VALUE! | N16: =M16/E16 -> #VALUE! | O16: =IF(N16>=90%,"Excellent",IF(N16>=70%,"Above Average",IF(N16>=50%,"Average",IF(N16>=30%,"Below Average",IF(N16>=11%,"A Poor Repsonse","Failed to answer the question"))))) -> #VALUE!
A17: 5.5.3.12 | B17: General sustainability | C17: Does your company have procedures in place to track, measure and report the continual improvement of the sustainability performance? | D17: Yes/Partial/No & Information | E17: 14 | K17: =IF(F17="Yes", 0.25*E17, IF(F17="No", 0, IF(F17="Partial", 0.15*E17, "No response"))) -> No response | M17: =IF(F17="No",0,((L17+K17))) -> #VALUE! | N17: =M17/E17 -> #VALUE! | O17: =IF(N17>=90%,"Excellent",IF(N17>=70%,"Above Average",IF(N17>=50%,"Average",IF(N17>=30%,"Below Average",IF(N17>=11%,"A Poor Repsonse","Failed to answer the question"))))) -> #VALUE!
C19: Total Marks | E19: =SUM(E6:E17) -> 200 | M19: =SUM(M6:M17) -> #VALUE! | N19: =M19/E19 -> #VALUE! | O19: =IF(N19>=90%,"Excellent",IF(N19>=70%,"Above Average",IF(N19>=50%,"Average",IF(N19>=30%,"Below Average",IF(N19>=11%,"A Poor Repsonse","Failed to answer the question"))))) -> #VALUE!
N20: =IF(N19>=50%,"PASS","FAIL") -> #VALUE!

Sheet 5.5.4 - IS
A1: Section 5.5.4 - Information Security | E1: Section Progress
E2: =COUNTA(E8,E9,E10,E11,E12)/COUNTA(B8,B9,B10,B11,B12) -> 0
A3: Note: All questions must be answered accurately and concisely, in the format requested. All supporting information requested in this QSQ must be submitted as an attachment to the related question. Only the responses to the questions included in this QSQ and additional information specifically requested will be reviewed. We reserve the right not to review any unrequested information or material included in, attached to or submitted with your QSQ submission. The Minimum Requirements and Pass Fail Criteria are paraphrased in this excel document – the full details are set out in the QSQ word document.
A4: Section Number | B4: Question | C4: Response Information | D4: Score/Info | E4: Response
A5: All Lots 100 marks with minimum 50% pass mark overall
A6: Please note that providing a bank of policies or procedures will not be deemed to sufficiently answer these questions. We require explanation from the tendering organisation as to how they will tailor their operations to comply with the GDPR requirements and to meet the GDPR obligations of Uisce Éireann. Embedded links will also not be reviewed.
A8: 5.5.4.1 | B8: Management of Information Security Please describe in detail how your organisation manages information security, including how information security informs your organisation’s core operations through to the delivery of product or service to customers. Maximum pages allowed for this section is 2 pages. | C8: Information | D8: Scored (20 marks)
A9: 5.5.4.2 | B9: Security Awareness Training Please describe in detail your organisation’s approach to the provision of security awareness training for employees and contractors, including details of: (a) whether such training is mandatory for all staff and contractors. (b) whether, and how often, such training is refreshed for all staff and contractors. (c) indicative content of such training. Maximum pages allowed for this section is 2 pages. | C9: Information | D9: Scored (20 marks)
A10: 5.5.4.3 | B10: Policies, Standards & Controls Please describe in detail the policies, standards and controls that support your organisation’s management of information security, including details of: (a) what policies, standards and controls form the basis of your organisation’s management of information security. (b) how policies, standards and controls are reviewed and updated. Maximum pages allowed for this section is 2 pages. | C10: Information | D10: Scored (20 marks)
A11: 5.5.4.4 | B11: Governance, Risk & Compliance Please describe how your organisation organises and manages its information security governance, risk and compliance activities, including details for: (a) the whole organisation generally. (b) for staff and contractor personnel specifically. (c) for third-party suppliers specifically. Maximum pages allowed for this section is 2 pages. | C11: Information | D11: Scored (20 marks)
A12: 5.5.4.5 | B12: Information Security Standards & Compliance Please describe in detail how your organisation’s information security posture can be assured, with evidence, to Uisce Éireann e.g., through independent audits, risk assessments, due diligence, or certification to international information security standards such as ISO 27001, PCI-DSS etc. Maximum pages allowed for this section is 2 pages. | C12: Information | D12: Scored (20 marks)

Sheet 5.5.5 - DP
A1: Section 5.5.5 - Data Protection | E1: Section Progress
E2: =COUNTA(E8,E9,E10)/COUNTA(B8,B9,B10) -> 0
A3: Note: All questions must be answered accurately and concisely, in the format requested. All supporting information requested in this QSQ must be submitted as an attachment to the related question. Only the responses to the questions included in this QSQ and additional information specifically requested will be reviewed. We reserve the right not to review any unrequested information or material included in, attached to or submitted with your QSQ submission. The Minimum Requirements and Pass Fail Criteria are paraphrased in this excel document – the full details are set out in the QSQ word document.
A4: Section Number | B4: Question | C4: Response Information | D4: Score/Info | E4: Response
A5: All Lots 100 marks with minimum 50% pass mark overall
A6: Please note that providing a bank of policies or procedures will not be deemed to sufficiently answer these questions. We require explanation from the tendering organisation as to how they will tailor their operations to comply with the GDPR requirements and to meet the GDPR obligations of Uisce Éireann. Embedded links will also not be reviewed.
A8: 5.5.5.1 | B8: GDPR Compliance Please provide details of the organisational and technical data protection controls in place within your organisation, and with your third party providers, to protect Uisce Éireann data, and which meet the standards compatible with EU General Data Protection Regulation 2016/679 and Irish Data Protection Act 2018. (Please note provision of a policy alone will not be a sufficient response to this question) | C8: Information | D8: Scored (40 marks)
A9: 5.5.5.2 | B9: Cross-Border Data Transfers Will all Uisce Éireann data held by your organisation or by any third parties who may be hosting the Contracting Entity data on your behalf, geographically be hosted within the EEA? If YES please provide details. If NO: What legal basis do you rely on (e.g. Standard Contractual Clauses, Binding Corporate Rules, EC Adequacy Decisions, etc.) to enable your organisation to transfer the Uisce Éireann data outside the EEA? | C9: Information | D9: Scored (40 marks)
A10: 5.5.5.3 | B10: Data Protection Authority Has your organisation or any subsidiaries or sub-contractors (whilst carrying out work on behalf of YOUR organisation), been fined, penalised or subjected to an enforcement by a Data Protection Authority in the last 3 years? If yes, please provide details, including remediating actions. Please note that this is a mandatory question and failure to fully answer will result in an overall Zero score applying to this section. | C10: Information | D10: Scored (20 marks)

Sheet 5.5.6 - BC & DR
A1: Section 5.5.6 - Business Continuity & Disaster Recovery | E1: Section Progress | X1: Total | Y1: Complete | Z1: %
E2: =COUNTA(E7:H8)/2 -> 0 | X2: 1 | Y2: =COUNTA(E9) -> 0 | Z2: =Y2/X2 -> 0
A3: Note: All questions must be answered accurately and concisely, in the format requested. All supporting information requested in this QSQ must be submitted as an attachment to the related question. Only the responses to the questions included in this QSQ and additional information specifically requested will be reviewed. We reserve the right not to review any unrequested information or material included in, attached to or submitted with your QSQ submission. The Minimum Requirements and Pass Fail Criteria are paraphrased in this excel document – the full details are set out in the QSQ word document.
A4: Section Number | B4: Question | C4: Response Information | D4: Score/Info | E4: Response
A5: All lots 100 marks with a minimum 50% pass mark overall
A7: 5.5.5.1 | B7: Provide details of current Business Continuity and Recovery arrangements that the Applicant has in place and how you would demonstrate continuity of Product/Service under different scenarios that could impact any current delivery of services . Considerations and contingencies for the following should be included as a minimum, and as applicable e.g. Stocks, Logistics and distribution, Supply Chain, Operational contingencies during unforeseen events (i.e. severe weather, pandemic, Cyber-attack or other major business disruption) Maximum Pages allowed for this Section is 5 pages. | C7: Information | D7: Scored (50 marks)
A8: 5.5.5.2 | B8: Provide details on how and frequency on which these arrangements are tested and reviewed. Maximum pages allowed for this section is 2 pages. | C8: Information | D8: Scored (50 marks)
A9: Note 1: if applicant submitting Business Continuity Plans/ Recovery Plans- for GDPR compliance, personal information and contacts can be retracted Note 2: if the organisation does not have formal Business Continuity/ Disaster Recovery documentation, a detailed description of approach and arrangements to satisfy the requirement above should be included as part of the response

Sheet 6 - Exclusion Criteria
A1: Section 6 - Exclusion Criteria | E1: Section Progress | X1: Minimum | Y1: Additional | AA1: Total | AB1: Complete | AC1: % | AD1: Offences | AE1: Tax | AF1: Other
E2: =AC2 -> 0 | X2: 16 | AA2: =X2+SUM(AD2:AF2) -> 16 | AB2: =COUNTA(F8:H14,F16:H17,F19:H28) -> 0 | AC2: =AB2/AA2 -> 0 | AD2: =IF(OR(F8="Yes",F9="Yes",F10="Yes",F11="Yes",F12="Yes",F13="Yes"),1,0) -> 0 | AE2: =IF(OR(F16="Yes",),1,0) -> 0 | AF2: =IF(OR(F19="Yes",F20="Yes",F21="Yes",F22="Yes",F23="Yes",F24="Yes",F25="Yes",F26="Yes",F27="Yes"),1,0) -> 0
A3: Note: All questions must be answered accurately and concisely, in the format requested. All supporting information requested in this QSQ must be submitted as an attachment to the related question. Only the responses to the questions included in this QSQ and additional information specifically requested will be reviewed. We reserve the right not to review any unrequested information or material included in, attached to or submitted with your QSQ submission. The Questions/Minimum Requirements are paraphrased in this excel document – the full details are set out in the QSQ word document.
A4: 6.1 Subject to the provisions of Regulation 57 of the European Union (Award of Public Authority Contracts) Regulations 2016 (in Section 6, the Regulations): (a) if any of the conditions set out in Regulation 57(1) or 57(3) of the Regulations apply to: (a) the Applicant (b) any member of the Applicant, in the case of a Joint Venture Applicant, (c) any entity being relied upon in accordance with section 3.8 of this QSQ; or (d) any member of the administrative, management or supervisory body of such organisations or any person who has powers of representation, decision or control therein the Applicant shall be excluded from the competition. (b) if any of the conditions set out in Regulation 57(8) of the Regulations apply to: (a) the Applicant (b) or any member of the Applicant, in the case of a group/consortium (c) or any entity being relied upon in accordance with section 3.8 of this QSQ. the Applicant may be excluded from the competition. (c) Applicants must complete the questionnaires below. The Contracting Entity will accept Part III of the European Single Procurement Document (ESPD) in response to Section 6.
A5: Applicants must complete the below questionnaire.
C6: OFFENCES Within the past five years, has the Applicant (or any member of your proposed consortium, if applicable, or any entity being relied upon for the purposes of Section 3.8 of the QSQ), or any member of the administrative, management or supervisory body of such organisation or any person having powers of representation, decision or control therein been convicted of any of the following offences?
A7: Section Number | F7: Response
A8: 6.2.1 | B8: a. participation in a criminal organisation, as defined in Article 2 of Council Framework Decision 2008/841/JHA;
B9: b. corruption, as defined in Article 3 of the Convention on the fight against corruption involving officials of the European Communities or officials of Member States of the European Union and Article 2(1) of Council Framework Decision 2003/568/JHA as well as corruption as defined in the national law of the contracting entity or the economic operator;
B10: c. fraud within the meaning of Article 1 of the Convention on the protection of the European Communities’ financial interests;
B11: d. terrorist offences or offences linked to terrorist activities, as defined in Articles 1 and 3 of Council Framework Decision 2002/475/JHA respectively, or inciting or aiding or abetting or attempting to commit an offence, as referred to in Article 4 of that Framework Decision;
B12: e. money laundering or terrorist financing, as defined in Article 1 of Directive 2005/60/EC of the European Parliament and of the Council; or
B13: f. child labour and other forms of trafficking in human beings as defined in Article 2 of Directive 2011.
B14: If the answer to any of the above questions is “yes”, please provide full details, including date of conviction, identity of person convicted, and details of any measures taken to demonstrate reliability despite the existence of a relevant ground for exclusion.
C15: NON PAYMENT OF TAXES Within the past five years, in respect of the Applicant, (or any member of your proposed consortium, if applicable, or any entity being relied upon for the purposes of section 3.8 of the QSQ)
A16: 6.2.2 | B16: a. Has it been established by a judicial or administrative decision having final and binding effect in accordance with the legal provisions of Ireland or the legal provisions of the country in which the economic operator in question is established (if outside Ireland), that such economic operator is in breach of obligations related to the payment of tax or social security contributions?
B17: If the answer to any of the above questions is Yes, please provide further details. Please confirm whether the relevant economic operator has paid, or has entered into a binding arrangement with a view to paying, including, where applicable, any accrued interest and/or fines?
C18: The Contracting Entity may also exclude any Applicant that answered ‘yes’ to any of the following situations: Within the past three years, please indicate if any of the following situations have applied, or currently apply, to the Applicant or any member of the Applicant, in the case of a group/consortium or any entity being relied upon in accordance with Section 3.8 of the QSQ document.
A19: 6.3 | B19: (a) a violation by the Applicant of applicable obligations referred to in Regulation 18(4) of the Regulations (applicable obligations in the fields of environmental, social and labour law that apply at the place where the works are carried out or the services provided that have been established by European Union law, national law, collective agreements or by international, environmental, social and labour law listed in Schedule 7 of the Regulations);
B20: (b) the Applicant is bankrupt or is the subject of insolvency or winding-up proceedings, where its assets are being administered by a liquidator or by the court, where it is in an arrangement with creditors, where its business activities are suspended or it is in any analogous situation arising from a similar procedure under national laws and regulations;
B21: (c) the Applicant is guilty of grave professional misconduct, which renders its integrity questionable;
B22: (d) the Applicant has entered into agreements with other economic operators aimed at distorting competition;
B23: (e) a conflict of interest within the meaning of Regulation 24 of the Regulations (which includes any situation where a relevant staff member has directly or indirectly a financial, economic or other personal interest which might be perceived to compromise his or her impartiality and independence in the context of the procurement procedure);
B24: (f) a distortion of competition from the prior involvement of the Applicant in the preparation of the procurement procedure, as referred to in Regulation 41 of the Regulations;
B25: (g) the Applicant has shown significant or persistent deficiencies in the performance of a substantive requirement under a prior public contract, a prior contract with a contracting entity or a prior concession contract which led to early termination of that prior contract, damages or other comparable sanctions;
B26: (h) the Applicant has been guilty of serious misrepresentation in supplying the information required for the verification of the absence of grounds for exclusion or the fulfilment of the pass/fail criteria, has withheld such information or is not able to submit the supporting documents required pursuant to Regulation 59 of the Regulations; or
B27: (i) the Applicant has undertaken to unduly influence the decision-making process of the Contracting Entity to obtain confidential information that may confer upon it undue advantages in the procurement procedure or to negligently provide misleading information that may have a material influence on decisions concerning exclusion, selection or award.
B28: If the answer to any of the above questions is “yes”, please provide details.

Sheet 7 - Conflict of Interest
A1: Section 7 - Conflicts of Interest | D1: Section Progress | X1: Total | Y1: Complete | Z1: %
D2: =Y2 -> 0 | X2: =IF(D17="No",1)+IF(D17="",1)+IF(D17="Yes",2) -> 1 | Y2: =COUNTA(D17,B19) -> 0 | Z2: =Y2/X2 -> 0
A3: Note: All questions must be answered accurately and concisely, in the format requested. All supporting information requested in this QSQ must be submitted as an attachment to the related question. Only the responses to the questions included in this QSQ and additional information specifically requested will be reviewed. We reserve the right not to review any unrequested information or material included in, attached to or submitted with your QSQ submission. The Questions/Minimum Requirements are paraphrased in this excel document – the full details are set out in the QSQ word document.
A4: Section Number
A6: 7 | B6: COMPETITION REF | C6: 24/021
B7: APPLICANT NAME
B10: THIS DECLARATION MUST BE DULY SIGNED AND SUBMITTED AND IS PART OF THE APPLICANT’S QSQ RESPONSE. WHERE APPLICANT IS A JOINT VENTURE / CONSORTIUM, A SEPARATE DECLARATION MUST BE SIGNED BY EACH MEMBER AS WELL AS ANY ENTITY BEING RELIED UPON FOR THE PURPOSES OF SECTION 3.8 OF THE QSQ. FAILURE TO COMPLETE THIS DECLARATION WILL EXCLUDE THE APPLICANT’S QUALIFIATION SYSTEM RESPONSE.
B11: If any conflict of interest or potential conflict of interest (whether actual or perceived) exists or arises in respect of the Applicant (including any parent, subsidiary or associated company of the Applicant or any director, partner or person in an equivalent position in the Applicant, or any equivalent person in any entity being relied upon for the purpose of the Applicant’s submission) with regards to this QS, it must be fully disclosed to the Contracting Entity on submission of its QSQ. Without prejudice to the generality of the above, the following must (without limitation) be disclosed in respect of the persons named in the above paragraph:
B12: if any such person is engaged in any service or operation which relates or may relate in any direct way to the outcome of this competition;
B13: any registerable interest involving the such person or any sub-contractors and any of the members of the Board of Uisce Éireann, members of the Government, members of the Oireachtas, or employees of Uisce Éireann.
B14: any situation involving any such persons and any staff members of the Contracting Entity (who are involved in the conduct of the procurement procedure or may influence the outcome of that procedure) which might be perceived to compromise the impartiality and independence of the procurement procedure.
B15: any links between the Applicant and other Applicants for this QS including for the avoidance of doubt, any direct or indirect commonality in directors, shareholders, management or employees.
B16: In the event of such information only coming to their notice after the submission of the QSQ, it should be communicated to Uisce Éireann immediately upon it becoming known to the Applicant. The terms 'registerable interest' and 'relative' shall be interpreted as per Section 2 and Schedule 2 of the Ethics in Public Office Act 1995 (as amended).
B17: Is there a conflict of interest (as described above)?
B18: If yes, please describe:
B31: All potential conflicts of interest or potential conflict of interest (whether actual or perceived) should be disclosed. Persons or companies engaged in any service or operation which relates or may relate in any direct way to the outcome of this competition may be excluded from applying or being involved in the procurement. Any decision of the Contracting Entity in this regard shall be final.
B32: In the event of such information only coming to the Applicant’s notice after the submission of a QSQ Response, it should be communicated to the Contracting Entity immediately on it becoming known to the Applicant. The terms 'registerable interest' and 'relative' shall be interpreted as per section 2 and schedule 2 of the Ethics in Public Office Act 1995 (as amended).

Sheet 8 - Signature
A1: Section 8 - Signature | E1: Section Progress | X1: Total | Y1: Complete | Z1: %
E2: =Z2 -> 0 | X2: 4 | Y2: =COUNTA(C11,C12,C13,C14) -> 0 | Z2: =Y2/X2 -> 0
A3: Note: All questions must be answered accurately and concisely, in the format requested. All supporting information requested in this QSQ must be submitted as an attachment to the related question. Only the responses to the questions included in this QSQ and additional information specifically requested will be reviewed. We reserve the right not to review any unrequested information or material included in, attached to or submitted with your QSQ submission. The Minimum Requirements and Pass Fail Criteria are paraphrased in this excel document – the full details are set out in the QSQ word document.
A4: Section Number
A6: 7 | B6: COMPETITION REF | C6: 24/021
B7: APPLICANT NAME
B9: I certify that the information provided throughout this document is accurate and complete to the best of my knowledge and belief. I understand that the provision of inaccurate or misleading information in this declaration will invalidate my / our Tender.
B10: Signature: Right Click on the X Select Sign Go to "Select Image" Choose your signature image Press Sign
B11: Name:
B12: Telephone:
B13: Email:
B14: Position in Applicant company / entity:

Sheet Overview
A1: Supplier Name | B1: =_xlfn.IFNA(suppname," ") -> 0
A3: Document Progress
A4: Overall Document Completeness | B4: =AVERAGE(B5:B30) -> 0
A5: =b1t -> Section 4.1 - Applicant/Principal Applicant Details | B5: =Sec1P -> 0
A6: =b3t -> Section 4.2 - Joint Venture Application | B6: =SecB3P -> 0
A7: =b4t -> Section 4.3 - Resources of Other Entities | B7: =secb4p -> 0
A8: =d1t -> Section D1 - Turnover | B8: =d1p -> 0
A9: =d3t -> Section D3 - HSQE Minimum requirements | B9: =d3p -> 0
A10: Lots Application | B10: =' Lot Application'!d1p -> 0
A11: Section D3 - HSQE Minimum requirements | B11: =d3p -> 0
A12: =d4t -> Section D4 - Minimum requirements | B12: =d4p -> 0
A13: =d5t -> Section D5 - Minimum requirements | B13: =d5p -> 0
A14: Section 5.2 Resources | B14: ='5.2 - Resources'!qa5p -> 0
A15: =exp5t -> Section 5.3 - Experience | B15: =exp5p -> 0
A16: =s54t -> Section 5.4.1 - Health & Safety - Contractor | B16: =s54p -> 0
A17: ='5.4.1.7 - H&S - Contractor'!qa5t -> Section 5.4.1.7 - Health & Safety - Contractor | B17: ='5.4.1.7 - H&S - Contractor'!qa5p -> 0
A18: ='5.4.2 - H&S - Lot 4 only'!qa5t -> Section 5.4.2 - Health & Safety - To be completed by Lot 4 only | B18: ='5.4.2 - H&S - Lot 4 only'!qa5p -> 0
A19: ='5.4.3 - H&S - PSCS'!qa5t -> Section 5.4.3 - Health & Safety - Project Supervisor Construction Stage | B19: ='5.4.3 - H&S - PSCS'!qa5p -> 0
A20: ='5.4.4 - H&S - Designer'!qa5t -> Section 5.4.4 - Health & Safety - Designer | B20: ='5.4.4 - H&S - Designer'!qa5p -> 0
A21: ='5.4.5 - H&S - PSDP'!qa5t -> Section 5.4.5 - Health & Safety - Project Supervisor Design Process | B21: ='5.4.5 - H&S - PSDP'!qa5p -> 0
A22: ='5.4.6 - H&S - Confined Space '!qa5t -> Section 5.4.6 - Health & Safety - Confined Space Entry | B22: ='5.4.6 - H&S - Confined Space '!qa5p -> 0
A23: Section 5.5.1 - Quality Assurance | B23: ='5.5 - Quality Assurance'!s56p -> 0
A24: =sus5t -> Section 5.5.3 - Sustainability | B24: =sus5p -> 0
A25: =dp5t -> Section 5.5.4 - Information Security | B25: =dp5p -> 0
A26: Section 5.5.5 - Data Protection | B26: ='5.5.5 - DP'!dp5p -> 0
A27: =bcp5t -> Section 5.5.6 - Business Continuity & Disaster Recovery | B27: =bcp5p -> 0
A28: =ex6t -> Section 6 - Exclusion Criteria | B28: =ex6p -> 0
A29: =coi7t -> Section 7 - Conflicts of Interest | B29: =COI -> 0
A30: =sig1title -> Section 8 - Signature | B30: =sig1p -> 0
A31: Minimum Turnover
A32: Minimum turnover required | B32: 0

Sheet Dropdowns
A1: Yes/No 1 | B1: Yes/No 1 | E1: Lot 6 Sublots | F1: Sub_Lots | G1: Standards | H1: Flocculant_EN_Standards | I1: Activated_Carbon_EN_Standards | J1: Application | K1: ADR Transport Regulations | L1: Formats
B2: No | E2: Coagulants | F2: Lot 6A - Flocculants | K2: Not Regulated
A3: Yes | B3: Yes - 1 Organisation | E3: Disinfectants | F3: Lot 6A - Flocculants | G3: EN1407 | H3: EN1407 | I3: EN12903 | J3: Water | K3: Class 1 | L3: Drop
A4: No | B4: Yes - 2 Organisations | E4: Gases | F4: Lot 6A - Flocculants | G4: EN1409 | H4: EN1409 | I4: EN12915 | J4: Wastewater | K4: Class 2 | L4: IBC Pumpover
A5: N/A | B5: Yes - 3 Organisations | E5: pH / Alkalinity Control | F5: Lot 6A - Flocculants | G5: EN1410 | H5: EN1410 | I5: No Standard | J5: Water/ Wastewater | K5: Class 3 | L5: Bulk Tanker
A6: ="" | B6: Yes - 4 Organisations | E6: Additives / Precursor Chemicals | F6: Lot 6A - Flocculants | G6: No Standard | H6: No Standard | K6: Class 4.1 | L6: Drop, IBC Pumpover
B7: Yes - 5 Organisations | E7: Flocculants | F7: Lot 6B - Filter Media | K7: Class 4.2 | L7: Drop, Bulk Tanker
E8: Filter Media | F8: Lot 6B - Filter Media | G8: EN12903 | K8: Class 4.3 | L8: Bulk Tanker, IBC Pumpover
E9: Septicity / Odour Control | F9: Lot 6B - Filter Media | G9: EN12915 | K9: Class 5.1 | L9: Drop, IBC Pumpover, Bulk Tanker
E10: Miscellaneous | F10: Lot 6B - Filter Media | G10: No Standard | K10: Class 5.2 | L10: Gas
F11: Lot 6C - Septicity / Odour Control | K11: Class 6.1
F12: Lot 6C - Septicity / Odour Control | G12: No Standard | K12: Class 6.2
F13: Lot 6D - Miscellaneous | K13: Class 7
F14: Lot 6D - Miscellaneous | G14: No Standard | K14: Class 8
K15: Class 9
E19: Coagulants Disinfectants Gases pH / Alkalinity Control Additives / Precursor Chemicals Flocculants Filter Media Septicity / Odour Control Miscellaneous

Sheet Lookups
A1: Binary | B1: Formats | C1: Standard For Flocculants | D1: Class 1 | E1: Explosive substances and articles
B2: 1000kg Bulk | C2: EN1407 | D2: Class 2 | E2: Gases
A3: Yes | B3: 1000L IBC Pumpover | C3: EN1409 | D3: Class 3 | E3: Flammable liquids
A4: No | B4: 25L Drum | C4: EN1410 | D4: Class 4.1 | E4: Flammable solids, self-reactive substances, polymerizing substances and solid desensitised explosives
B5: 25kg Bag | D5: Class 4.2 | E5: Substances liable to spontaneous combustion
B6: 500Kg Bag | D6: Class 4.3 | E6: Substances which, in contact with water, emit flammable gases
B7: 12.5kg Bag | D7: Class 5.1 | E7: Oxidising substances
D8: Class 5.2 | E8: Organic peroxides
D9: Class 6.1 | E9: Toxic substances
D10: Class 6.2 | E10: Infectious substances
D11: Class 7 | E11: Radioactive material
D12: Class 8 | E12: Corrosive substances
D13: Class 9 | E13: Miscellaneous dangerous substances and articles

Sheet Lot 9
A1: Company Name:
A2: Lot | B2: Sublot | C2: Transport Regulations | D2: Relevant EN Standard | E2: Formats | F2: Tendering Yes/No | G2: Drop | H2: IBC Pumpover | I2: Bulk Tanker | J2: Gas | K2: Declaration EN Standard Yes/No | L2: Declaration DWI (UK) Approved Yes/No | M2: Declaration Irish Water Specific Impurity Limits Yes/No | N2: Declaration REACH Approved Yes/No | O2: Manufacturer Tenderer to provide name, address and contact details for the original manufacturer of the proposed chemical | P2: Distributor Tenderer to provide name, address and contact details for the distributor(s) of the proposed chemical, in the Lots tendered for | R2: Risk Assessments/Method Statement/Procedures Requirements
A3: Lot 9 - Miscellanious | B3: Lot 9A - Miscellanious - Unregulated | D3: Product Dependant
B4: Lot 9B - Miscellanious - Regulated | D4: Product Dependant
